 Dungeon Crawl Stone Soup version 0.30-a0-170-g85af917532 (webtiles) character file.

Game seed: 6483508090091099657

346778 qw the Impregnable (level 22, -19/147 HPs)
             Began as a Gargoyle Fighter on Sept 30, 2022.
             Was a High Priest of Okawaru.
             Killed from afar by a living spell (28 damage)
             ... with an iceblast
             ... summoned by a walking frostbound tome
             ... on level 4 of the Depths.
             The game lasted 00:18:44 (40092 turns).

qw the Impregnable (Gargoyle Fighter)              Turns: 40092, Time: 00:18:44

Health: -19/147    AC: 67    Str: 31    XL:     22   Next: 13%
Magic:  29/29      EV: 17    Int:  9    God:    Okawaru [*****.]
Gold:   1203       SH: 24    Dex: 16    Spells: 21/21 levels left

rFire   + . .      SeeInvis +    w - +14 obsidian axe {vorpal, Mesm Drain Fly SInv}
rCold   . . .      Faith    .    A - +0 tower shield
rNeg    + + .      Spirit   .    t - +2 crystal plate armour "Bamoteut" {Dex+3}
rPois   inf        Reflect  .    G - +3 hat "Zuosan" {rF+}
rElec   +          Harm     .    m - +2 cloak
rCorr   .          Rampage  .    D - +1 pair of gloves "Povah" {rPois Dex+4}
Will    +....                    f - +2 pair of boots
Stlth   ..........               y - amulet of Vitality {RegenMP++ Regen++}
HPRegen 1.94/turn                x - ring "Obitac" {rN+ AC+4}
MPRegen 1.01/turn                i - +4 ring of evasion

@: about to teleport, heroic, finesse-ful, flying, mesmerised
A: sickness immunity, AC +16, big wings, negative energy resistance 1,
electricity resistance, torment resistance 1, petrification resistance
}: 2/15 runes: decaying, serpentine
a: Renounce Religion, Heroism, Finesse, Duel


You were on level 4 of the Depths.
You worshipped Okawaru.
Okawaru was extremely pleased with you.
You visited 8 branches of the dungeon, and saw 39 of its levels.
You visited the Abyss 1 time.

You collected 4549 gold pieces.
You spent 3346 gold pieces at shops.


Innate Abilities, Weirdness & Mutations

You are immune to sickness and miasma.
Your stone body is resilient. (AC +16)
You are immune to poison.
Your large and strong wings let you fly.
You resist negative energy. (rN+)
You are resistant to electric shocks. (rElec)
You are resistant to unholy torment.
You are immune to petrification.


   Skills:
 + Level 18.0(23.0) Fighting
 - Level 18.0(23.0) Axes
 - Level 10.0(15.0) Throwing
 - Level 21.0(26.0) Armour
 - Level 7.0(12.0) Dodging
 - Level 20.0(25.0) Shields
 - Level 10.0 Invocations


You had 21 spell levels left.
You didn't know any spells.
Your spell library was empty.

Inventory:

Hand Weapons
 q - the +10 war axe of the Crypt {freeze, rC+ Will+}
   (Okawaru gifted it to you on level 3 of the Vaults)

   It freezes those it strikes, dealing additional cold damage.
   It can also slow down cold-blooded creatures.
   rC:        It protects you from cold.
   Will:      It increases your willpower.
 w - the +14 obsidian axe (weapon) {vorpal, Mesm Drain Fly SInv}
   (You acquired it on level 5 of the Lair of Beasts)

   It inflicts extra damage upon your enemies.
   It occasionally summons demons to assist the wielder when it strikes in
   combat.
   Its wielder is mesmerised by any visible foes.
   It cannot be unequipped while any foes are visible.
   SInv:      It lets you see invisible.
   Fly:       It grants you flight.
   Drain:     It drains your maximum health when unequipped.
Missiles
 c - 4 javelins
 l - 9 boomerangs (quivered)
 E - 2 silver javelins
Armour
 f - a +2 pair of boots (worn)
 m - a +2 cloak (worn)
 p - a +2 helmet
 t - the +2 crystal plate armour "Bamoteut" (worn) {Dex+3}
   (Okawaru gifted it to you on level 2 of the Lair of Beasts)

   Dex:       It affects your dexterity (+3).
 v - +0 acid dragon scales
 A - a +0 tower shield (worn)
 D - the +1 pair of gloves "Povah" (worn) {rPois Dex+4}
   (Okawaru gifted it to you on level 1 of the Vaults)

   Dex:       It affects your dexterity (+4).
   rPois:     It protects you from poison.
 G - the +3 hat "Zuosan" (worn) {rF+}
   (Okawaru gifted it to you on level 4 of the Snake Pit)

   rF:        It protects you from fire.
 I - +0 gold dragon scales
Jewellery
 i - a +4 ring of evasion (right hand)
 j - a ring of fire
 x - the ring "Obitac" (left hand) {rN+ AC+4}
   (You bought it in a shop on level 2 of the Orcish Mines)

   [ring of protection]

   AC:        It affects your AC (+4).
   rN:        It protects you from negative energy.
 y - the amulet of Vitality (around neck) {RegenMP++ Regen++}
   (You found it on level 13 of the Dungeon)

   [amulet of magic regeneration]

   It increases your rate of magic regeneration.
   Regen:     It increases your rate of health regeneration.
 C - a ring of ice
 H - the ring of Dissent {Fire Contam rPois Int+3 SInv}
   (You bought it in a shop on level 4 of the Snake Pit)

   [ring of fire]

   It enhances your fire magic.
   Int:       It affects your intelligence (+3).
   rF:        It protects you from fire.
   rC:        It makes you vulnerable to cold.
   rPois:     It protects you from poison.
   SInv:      It lets you see invisible.
   Contam:    It causes magical contamination when unequipped.
Wands
 k - a wand of digging (22)
Scrolls
 a - 23 scrolls of identify
 o - 5 scrolls of teleportation
 r - 3 scrolls of enchant armour
 B - 3 scrolls of brand weapon
 F - 2 scrolls of enchant weapon
Potions
 b - 5 potions of magic
 d - 9 potions of might
 e - 13 potions of heal wounds
 g - 8 potions of attraction
 h - 6 potions of haste
 n - 10 potions of lignification
 s - 13 potions of curing
 u - 8 potions of mutation
 z - 2 potions of resistance

Dungeon Overview and Level Annotations

Branches:
Dungeon (15/15)            Temple (1/1) D:5            Lair (5/5) D:9
  Swamp (4/4) Lair:3        Snake (4/4) Lair:2        Slime (0/5) Lair:5
    Orc (2/2) D:10            Elf (0/3) Orc:2        Vaults (4/5) D:13
  Crypt (0/3) Vaults:3     Depths (4/4) D:15
    Zot: Depths:4

Altars:
Ashenzari
Cheibriados
Dithmenos
Elyvilon
Fedhas
Gozag
Hepliaklqana
Kikubaaqudgha
Makhleb
Nemelex Xobeh
Okawaru
Qazlal
Ru
Sif Muna
Trog
Uskayaw
Vehumet
Wu Jian
Xom
Yredelemnul
Zin
The Shining One

Shops:
D:13 *   Orc:2 =[![(   Snake:1 [!!*   Snake:4 ::=   Depths:2 :

Portals:
Hell: Depths:1 Depths:2 Depths:3
Abyss: Depths:1 Depths:3 Depths:4
Pandemonium: Depths:2
Trove: Vaults:2 (lose all piety)

Annotations:
Lair:2 1 runed translucent door, qw's ghost, journeyman GrFi
Snake:4 1 runed translucent door, qw's ghost, adept GrFi
Orc:1 2 runed translucent doors, astronautguy's ghost, journeyman GrMo


Message History

The juggernaut is severely wounded.
You slice the juggernaut!!
The juggernaut is severely wounded.
A glowing orange brain comes into view.
You slice the juggernaut!!
The juggernaut is almost dead.
The juggernaut hits you!! You block the juggernaut's attack.
You hit the juggernaut.
The juggernaut is almost dead.
You slice the juggernaut!!
You are no longer entranced.
You kill the juggernaut!
Okawaru is honoured by your kill.
You can now enter into single combat with a foe.
Okawaru will now gift you equipment as you gain piety.
Visions of slaying the walking frostbound tome flood into your mind.
Your base Armour skill increases to level 21!
A deep troll shaman comes into view.
The walking frostbound tome erupts in a flurry of living spells!
An iron troll comes into view.
Visions of slaying the living spell flood into your mind.
The iron troll shouts! x2
The glowing orange brain pulsates.
You resist with almost no effort.
The walking frostbound tome erupts in a flurry of living spells!
The living spell casts itself at you.
The mass of ice explodes!
The iceblast engulfs you!!! The living spell casts itself at you.
The mass of ice explodes!
The iceblast engulfs you!!
You are no longer entranced.
The living spell casts itself at you.
The mass of ice explodes!
The iceblast engulfs you!!!
40092 ||| READING 6 scrolls of teleportation.
As you read the scroll of teleportation, it crumbles to dust.
You feel strangely unstable.
Visions of slaying the iron troll flood into your mind.
The walking frostbound tome erupts in a flurry of living spells!
The living spell casts itself at you.
The mass of ice explodes!
The iceblast engulfs you!!
You die...

..........
............#.
.............##
..............
....G...#....
...........# .
...........# ...
#......*##.....
...#..@..;...#
......%#).....*.#
...###.)#T*.....#
...#.T#......#
#....#..#...#..#
#...\...#......#
#..#.T..#...#..#
#..#...#.....$.#
### ...


You could see a walking frostbound tome, 2 iron trolls, a glowing orange brain
and 3 living spells.

Vanquished Creatures
  An ancient lich (Depths:3)
  2 juggernauts
  Bai Suzhen (Swamp:3)
  2 caustic shrikes (Depths:2)
  Nikola (Vaults:1)
  2 golden dragons
  3 tentacled monstrosities
  5 liches
  2 walking crystal tomes (Depths:3)
  An ancient champion (Depths:3)
  3 sphinxes
  Frances (Snake:1)
  2 thorn hunters (Swamp:4)
  Donald (Snake:1)
  2 tengu reavers
  A shadow dragon (Depths:2)
  Roxanne (Snake:3)
  A storm dragon (Depths:2)
  5 nagarajas (Snake:4)
  2 fenstrider witches
  6 fire giants
  An iron dragon (Depths:3)
  6 frost giants
  A balrug (Depths:3)
  Louise (Depths:4)
  Aizul (Swamp:2)
  6 vault wardens
  A ghoul (Swamp:3)
  2 war gargoyles (Vaults:4)
  9 ironbound preservers
  3 spriggan defenders
  9 stone giants
  9 very ugly things
  5 ironbound thunderhulks
  2 vampire knights (Depths:3)
  3 eleionomae
  4 dire elephants
  Snorg (Orc:1)
  5 bunyips
  A crystal guardian (Vaults:4)
  12 ettins
  10 fire dragons
  Fannar (D:10)
  6 ice dragons
  13 yaktaur captains
  5 rakshasas
  2 entropy weavers
  A hell beast (Depths:3)
  24 hydras
  10 great orbs of eyes
  A peacekeeper (Vaults:4)
  A vault guard (D:13)
  6 anacondas
  3 catoblepae
  A ghost crab (Swamp:1)
  An anaconda (shapeshifter) (Depths:2)
  2 spriggan air magi
  3 boulder beetles
  4 deep troll shamans (Depths:2)
  3 salamander tyrants (Snake:4)
  5 ironbound frosthearts
  4 two-headed ogres
  12 centaur warriors
  18 naga warriors
  4 tengu warriors
  7 alligators
  A satyr (shapeshifter) (Depths:2)
  4 deep troll earth magi (Depths:2)
  A vampire mage (Vaults:3)
  A death yak (Lair:5)
  5 shock serpents
  7 hell knights
  10 naga sharpshooters
  3 spriggan berserkers
  Sonja (Lair:1)
  4 orc high priests
  3 skeletal warriors (D:15)
  3 iron trolls
  A spectral anaconda (Lair:5)
  6 salamander mystics
  A flayed ghost (Depths:3)
  3 goliath frogs
  2 glowing orange brains
  31 deep trolls
  A spriggan rider (Depths:1)
  8 bog bodies
  5 naga ritualists
  9 swamp dragons
  7 spriggan druids
  11 ironbound convokers
  8 necromancers
  An obsidian statue (Lair:5)
  An orange crystal statue (Depths:3)
  12 wizards
  2 deep elf pyromancers
  A harpy (Vaults:1)
  11 salamanders
  8 mana vipers
  19 lindwurms
  7 will-o-the-wisps
  4 orc sorcerers
  7 orc knights
  A stone giant zombie (Depths:1)
  Maurice (D:11)
  6 cyclopes
  A shining eye (shapeshifter) (D:15)
  45 ugly things
  A dire elephant zombie (Lair:5)
  49 black mambas
  A stone giant skeleton (Depths:1)
  13 elephants
  2 guardian serpents
  17 vault sentinels
  A titan simulacrum (Depths:1)
  2 gargoyles (D:11)
  A frost giant skeleton (Depths:1)
  A dire elephant skeleton (Lair:5)
  9 naga magi
  11 cane toads
  A torpor snail (Lair:5)
  11 komodo dragons
  A kobold demonologist (D:8)
  A komodo dragon (shapeshifter) (Depths:3)
  3 unseen horrors
  A freezing wraith (D:14)
  5 rime drakes
  34 yaktaurs
  A guardian mummy (Vaults:2)
  4 red devils (D:13)
  3 trolls
  10 tyrant leeches
  3 polar bears
  13 hornets
  21 slime creatures
  A wolf spider simulacrum (D:15)
  Prince Ribbit (Lair:3)
  4 dream sheep (Lair:4)
  2 spectral elephants (Lair:5)
  Sigmund (D:2)
  15 blink frogs
  A centaur simulacrum (D:15)
  13 spriggans
  2 wraiths
  6 vampires
  37 yaks
  A shadow (D:10)
  A yak (shapeshifter) (D:14)
  5 wyverns
  20 humans (D:13)
  4 water elementals
  A redback (Vaults:4)
  A steam dragon (D:5)
  A death yak simulacrum (Lair:5)
  7 vampire mosquitoes
  7 basilisks
  A spectral cane toad (Lair:5)
  A swamp worm (shapeshifter) (Depths:2)
  An acid dragon (Lair:3)
  53 nagas
  13 swamp worms
  17 water moccasins
  An ice beast (D:7)
  6 swamp drakes
  27 orc warriors
  An elephant zombie (Lair:5)
  11 ogres
  A spriggan simulacrum (Depths:1)
  3 wolves (Lair:2)
  2 boggarts (Depths:3)
  8 centaurs
  2 elephant skeletons (Lair:5)
  4 phantoms
  7 bullfrogs
  5 kobold brigands
  A gnoll sergeant (D:9)
  2 necrophages
  2 scorpions
  A cane toad simulacrum (Lair:5)
  A water moccasin zombie (D:4)
  4 wights (D:6)
  10 killer bees
  An elephant simulacrum (Lair:5)
  4 howler monkeys
  3 electric eels
  3 hounds
  10 orc priests
  A scorpion zombie (D:4)
  13 orc wizards
  5 iguanas
  A hound zombie (D:4)
  12 gnolls
  8 adders
  2 white imps (D:7)
  2 adder zombies (D:4)
  2 adder skeletons (D:4)
  2 dart slugs
  69 orcs
  2 endoplasms (D:4)
  4 giant cockroaches
  6 goblins
  7 hobgoblins
  2 jackals (D:3)
  29 kobolds
  5 quokkas
  6 ball pythons
  4 bats
  3 frilled lizards
  5 rats
1284 creatures vanquished.

Vanquished Creatures (others)
  A bloated husk (Swamp:2)
  5 dream sheep (D:7)
  26 foxfires
  22 fungi
  31 plants
  20 withered plants
105 creatures vanquished.

Grand Total: 1389 creatures vanquished

Notes
Turn   | Place    | Note
-------+----------+-------------------------------------------
     0 | D:1      | qw the Gargoyle Fighter began the quest for the Orb.
     0 | D:1      | Reached XP level 1. HP: 14/14 MP: 1/1
     0 | D:1      | 0 ||| qw: Version: 0.2-a-12-gaebbb33
     0 | D:1      | 0 ||| qw: Game counter: 1548
     0 | D:1      | 0 ||| qw: Always use a shield: true
     0 | D:1      | 0 ||| qw: God list: Okawaru
     0 | D:1      | 0 ||| qw: Allow faded altars: false
     0 | D:1      | 0 ||| qw: Do Orc after D:15 true
     0 | D:1      | 0 ||| qw: Do second Lair branch before Depths: true
     0 | D:1      | 0 ||| qw: Lair rune preference: random
     0 | D:1      | 0 ||| qw: Plans: Normal, Zot:1-4, God:TSO, Crypt, Tomb,
                  | Pan, Slime:5, Hells, Abyss, Orb
     0 | D:1      | 0 ||| PLANNING D:1-11
   191 | D:1      | 191 ||| Stepping ~*~*~tactically~*~*~ (stealth).
   192 | D:1      | 192 ||| Stepping ~*~*~tactically~*~*~ (stealth).
   194 | D:1      | 194 ||| Stepping ~*~*~tactically~*~*~ (hiding).
   376 | D:1      | Reached XP level 2. HP: 19/19 MP: 2/2
   643 | D:1      | Found a faded altar of an unknown god.
   920 | D:1      | 920 ||| DROPPING +0 club.
  1317 | D:1      | 1317 ||| UPGRADING to +0 cloak.
  1322 | D:1      | 1322 ||| UPGRADING to amulet of guardian spirit.
  1327 | D:1      | 1327 ||| DROPPING ring of wizardry.
  1328 | D:1      | 1328 ||| UPGRADING to ring of see invisible.
  1329 | D:1      | 1329 ||| READING scroll labelled KOLUYTO NADDUY.
  1330 | D:1      | 1330 ||| READING scroll labelled NOHOEJ SOUFE.
  1331 | D:1      | 1331 ||| READING scroll labelled UTU FOMELO.
  1477 | D:2      | Reached skill level 3 in Axes
  1549 | D:2      | Noticed Sigmund
  1550 | D:2      | 1550 ||| Stepping ~*~*~tactically~*~*~ (stealth).
  1552 | D:2      | 1552 ||| Stepping ~*~*~tactically~*~*~ (hiding).
  1553 | D:2      | 1553 ||| Stepping ~*~*~tactically~*~*~ (hiding).
  1579 | D:2      | Killed Sigmund
  1580 | D:2      | Reached XP level 3. HP: 9/23 MP: 1/3
  1580 | D:2      | Reached XP level 4. HP: 11/28 MP: 1/4
  1580 | D:2      | Reached XP level 5. HP: 13/32 MP: 1/5
  1941 | D:2      | 1941 ||| READING scroll of brand weapon.
  1941 | D:2      | 1941 ||| BRANDING +1 war axe of freezing.
  2132 | D:2      | 2132 ||| UPGRADING to +4 ring of evasion.
  2133 | D:2      | 2133 ||| READING scroll labelled FEJAOSEGUGRET.
  2134 | D:2      | 2134 ||| READING 3 scrolls labelled HUAGRA TOILUMU.
  2176 | D:2      | 2176 ||| READING scroll labelled OCKYDY FIHOM.
  2177 | D:2      | 2177 ||| DRINKING 3 lumpy emerald potions.
  2178 | D:2      | 2178 ||| DROPPING 2 scrolls of torment.
  2873 | D:3      | 2873 ||| UPGRADING to +0 helmet.
  2878 | D:3      | 2878 ||| READING scroll labelled TAF YTIBLACAH.
  2883 | D:3      | 2883 ||| READING 2 scrolls labelled QIAGHU ROTEECI.
  2884 | D:3      | 2884 ||| READING scroll labelled LEOQUE UTUT.
  2885 | D:3      | 2885 ||| READING 3 scrolls of identify.
  2885 | D:3      | 2885 ||| IDENTIFYING fizzy dark potion
  2886 | D:3      | 2886 ||| READING 2 scrolls of identify.
  2886 | D:3      | 2886 ||| IDENTIFYING bubbling amethyst potion
  2887 | D:3      | 2887 ||| DROPPING potion of ambrosia.
  2888 | D:3      | 2888 ||| DROPPING scroll of vulnerability.
  2920 | D:4      | Noticed a phantom
  2920 | D:4      | Noticed a phantom
  2922 | D:4      | 2922 ||| STAIRDANCE
  2927 | D:3      | Killed a phantom
  2928 | D:3      | Reached XP level 6. HP: 39/39 MP: 6/6
  2930 | D:4      | 2930 ||| Stepping ~*~*~tactically~*~*~ (stealth).
  2939 | D:4      | Reached skill level 1 in Dodging
  2945 | D:4      | Reached XP level 7. HP: 15/44 MP: 2/7
  3165 | D:4      | 3165 ||| DROPPING +0 whip.
  3170 | D:4      | 3170 ||| Stepping ~*~*~tactically~*~*~ (hiding).
  3306 | D:4      | Reached skill level 6 in Axes
  3552 | D:4      | 3552 ||| Stepping ~*~*~tactically~*~*~ (stealth).
  3626 | D:4      | Found a blossoming altar of Fedhas.
  3669 | D:4      | Found a radiant altar of Vehumet.
  3889 | D:4      | Found a basalt altar of Yredelemnul.
  3970 | D:4      | 3970 ||| Stepping ~*~*~tactically~*~*~ (stealth).
  3971 | D:4      | 3971 ||| Stepping ~*~*~tactically~*~*~ (stealth).
  3980 | D:4      | Reached skill level 1 in Throwing
  4004 | D:4      | 4004 ||| DROPPING amulet of magic regeneration.
  4005 | D:4      | 4005 ||| READING scroll labelled LOLLECEHAE.
  4006 | D:4      | 4006 ||| READING scroll labelled FYTACU PAHEDE.
  4007 | D:4      | 4007 ||| DRINKING 2 bubbling white potions.
  4045 | D:4      | 4045 ||| READING 2 scrolls of identify.
  4045 | D:4      | 4045 ||| IDENTIFYING bubbling black potion
  4056 | D:5      | Entered Level 5 of the Dungeon
  4119 | D:5      | 4119 ||| READING scroll of enchant armour.
  4119 | D:5      | 4119 ||| ENCHANTING +0 helmet.
  4148 | D:5      | Found a stormy altar of Qazlal.
  4164 | D:5      | Reached XP level 8. HP: 31/48 MP: 4/8
  4731 | D:5      | 4731 ||| Stepping ~*~*~tactically~*~*~ (stealth).
  4760 | D:5      | Found a staircase to the Ecumenical Temple.
  4761 | D:5      | 4761 ||| PLANNING TEMPLE
  4761 | D:5      | 4761 ||| READING scroll labelled WIG MEGAYL.
  4862 | D:5      | 4862 ||| READING 2 scrolls of identify.
  4862 | D:5      | 4862 ||| IDENTIFYING grey potion
  4863 | D:5      | 4863 ||| DROPPING potion of flight.
  4878 | Temple   | Entered the Ecumenical Temple
  4921 | Temple   | 4921 ||| PLANNING OKAWARU WORSHIP
  4976 | Temple   | Became a worshipper of Warmaster Okawaru
  4977 | Temple   | 4977 ||| PLANNING D:1-11
  4977 | Temple   | 4977 ||| REMOVING amulet of guardian spirit.
  4982 | Temple   | 4982 ||| DROPPING amulet of guardian spirit.
  5049 | D:5      | 5049 ||| READING scroll of enchant armour.
  5049 | D:5      | 5049 ||| ENCHANTING +1 helmet.
  5098 | D:5      | 5098 ||| READING scroll of enchant armour.
  5098 | D:5      | 5098 ||| ENCHANTING +0 cloak.
  5429 | D:6      | 5429 ||| STAIRDANCE
  5434 | D:6      | 5434 ||| STAIRDANCE
  5523 | D:6      | 5523 ||| STAIRDANCE
  5616 | D:6      | 5616 ||| STAIRDANCE
  5625 | D:6      | 5625 ||| STAIRDANCE
  5642 | D:6      | HP: 2/50 [orc priest/divine providence (13)]
  5643 | D:6      | 5643 ||| DRINKING 3 potions of heal wounds.
  5647 | D:6      | HP: 6/51 [orc priest/divine providence (10)]
  5647 | D:6      | HP: 1/51 [gnoll/+0 spear (5)]
  5648 | D:6      | 5648 ||| DRINKING 2 potions of heal wounds.
  5650 | D:6      | Reached skill level 6 in Fighting
  5937 | D:6      | 5937 ||| Stepping ~*~*~tactically~*~*~ (stealth).
  5945 | D:6      | Reached * piety under Okawaru
  5946 | D:6      | Reached XP level 9. HP: 55/55 MP: 9/9
  5948 | D:6      | 5948 ||| DROPPING +0 flail.
  5951 | D:6      | 5951 ||| DROPPING +4 flail.
  5991 | D:6      | Found a broken altar of Ashenzari.
  6094 | D:6      | Reached skill level 9 in Axes
  6094 | D:6      | Reached skill level 1 in Invocations
  6131 | D:6      | Found a white marble altar of Elyvilon.
  6199 | D:6      | 6199 ||| INVOKING Heroism.
  6203 | D:6      | 6203 ||| DRINKING potion of curing.
  6203 | D:6      | 6203 ||| (to cure confusion)
  6304 | D:6      | Found a glowing silver altar of Zin.
  6378 | D:6      | 6378 ||| Stepping ~*~*~tactically~*~*~ (stealth).
  6382 | D:6      | 6382 ||| INVOKING Heroism.
  6403 | D:6      | 6403 ||| Stepping ~*~*~tactically~*~*~ (stealth).
  6589 | D:6      | 6589 ||| UPGRADING to +2 ring mail of cold resistance.
  6599 | D:6      | 6599 ||| DROPPING +0 scale mail.
  6600 | D:6      | 6600 ||| UPGRADING to +0 chain mail.
  6648 | D:7      | 6648 ||| STAIRDANCE
  6655 | D:7      | 6655 ||| INVOKING Heroism.
  6657 | D:7      | 6657 ||| STAIRDANCE
  6662 | D:6      | Reached skill level 3 in Invocations
  6682 | D:6      | 6682 ||| UPGRADING to +0 plate armour.
  6692 | D:6      | 6692 ||| DROPPING +2 ring mail of cold resistance.
  6693 | D:6      | 6693 ||| DROPPING +0 chain mail.
  6697 | D:7      | 6697 ||| STAIRDANCE
  6706 | D:7      | 6706 ||| INVOKING Heroism.
  6714 | D:7      | 6714 ||| Stepping ~*~*~tactically~*~*~ (hiding).
  6803 | D:7      | Reached skill level 4 in Armour
  6816 | D:7      | 6816 ||| Stepping ~*~*~tactically~*~*~ (stealth).
  6817 | D:7      | 6817 ||| Stepping ~*~*~tactically~*~*~ (stealth).
  6912 | D:7      | Reached skill level 5 in Armour
  6926 | D:7      | 6926 ||| READING scroll of enchant weapon.
  6926 | D:7      | 6926 ||| ENCHANTING +1 war axe of chaos.
  6942 | D:7      | Found a shimmering altar of Xom.
  6943 | D:7      | 6943 ||| INVOKING Heroism.
  6947 | D:7      | 6947 ||| Stepping ~*~*~tactically~*~*~ (cloud).
  7038 | D:7      | 7038 ||| Stepping ~*~*~tactically~*~*~ (stealth).
  7040 | D:7      | 7040 ||| Stepping ~*~*~tactically~*~*~ (hiding).
  7108 | D:7      | Reached skill level 6 in Armour
  7290 | D:7      | 7290 ||| Stepping ~*~*~tactically~*~*~ (stealth).
  7292 | D:7      | 7292 ||| INVOKING Heroism.
  7332 | D:7      | 7332 ||| READING scroll labelled RACWIRGH HYMOS.
  7333 | D:7      | 7333 ||| DRINKING 2 white potions.
  7334 | D:7      | 7334 ||| READING 2 scrolls of identify.
  7334 | D:7      | 7334 ||| IDENTIFYING coppery potion
  7335 | D:7      | 7335 ||| DROPPING potion of degeneration.
  7379 | D:8      | Reached ** piety under Okawaru
  7536 | D:8      | Reached XP level 10. HP: 57/63 MP: 13/13
  7587 | D:8      | 7587 ||| Stepping ~*~*~tactically~*~*~ (hiding).
  7619 | D:8      | Identified the +5 dagger "Wuiff" {vorpal, *Corrode MP+9
                  | Int+9}
  7687 | D:8      | 7687 ||| READING scroll of enchant weapon.
  7687 | D:8      | 7687 ||| ENCHANTING +2 war axe of chaos.
  7775 | D:8      | Noticed a kobold demonologist
  7780 | D:8      | 7780 ||| INVOKING Heroism.
  7787 | D:8      | Noticed a sun demon
  7791 | D:8      | Noticed a smoke demon
  7793 | D:8      | Killed a kobold demonologist
  7871 | D:8      | Identified the +0 robe of Wrong Decisions {-Tele Fly rPois
                  | rN+ Int+2}
  8086 | D:8      | 8086 ||| READING scroll labelled ROECIUD ZOYTO.
  8135 | D:9      | 8135 ||| INVOKING Heroism.
  8198 | D:9      | Found a staircase to the Lair.
  8199 | D:9      | 8199 ||| INVOKING Heroism.
  8206 | D:9      | Reached *** piety under Okawaru
  8215 | D:9      | Reached skill level 3 in Throwing
  8219 | D:9      | 8219 ||| INVOKING Heroism.
  8383 | D:9      | 8383 ||| READING scroll of enchant weapon.
  8383 | D:9      | 8383 ||| ENCHANTING +3 war axe of chaos.
  8390 | D:9      | 8390 ||| READING scroll of enchant armour.
  8390 | D:9      | 8390 ||| ENCHANTING +1 cloak.
  8439 | D:9      | 8439 ||| Stepping ~*~*~tactically~*~*~ (stealth).
  8441 | D:9      | 8441 ||| Stepping ~*~*~tactically~*~*~ (stealth).
  8443 | D:9      | 8443 ||| Stepping ~*~*~tactically~*~*~ (stealth).
  8448 | D:9      | 8448 ||| INVOKING Heroism.
  8451 | D:9      | Reached skill level 7 in Armour
  8461 | D:9      | Received a gift from Okawaru
  8496 | D:9      | Noticed a two-headed ogre
  8497 | D:9      | 8497 ||| INVOKING Heroism.
  8504 | D:9      | Killed a two-headed ogre
  8565 | D:9      | 8565 ||| INVOKING Heroism.
  8568 | D:9      | Noticed a two-headed ogre
  8571 | D:9      | Reached XP level 11. HP: 57/68 MP: 11/14
  8580 | D:9      | Killed a two-headed ogre
  8580 | D:9      | Reached **** piety under Okawaru
  8581 | D:9      | Reached skill level 9 in Fighting
  8587 | D:9      | 8587 ||| INVOKING Heroism.
  8768 | D:9      | Found a hide-covered altar of Uskayaw.
  8925 | D:9      | 8925 ||| PLANNING LAIR
  8925 | D:9      | 8925 ||| DROPPING +6 ring of dexterity.
  8926 | D:9      | 8926 ||| READING scroll labelled HUCAOL TAPPIU.
  8937 | Lair:1   | Entered Level 1 of the Lair of Beasts
  8956 | Lair:1   | 8956 ||| Stepping ~*~*~tactically~*~*~ (stealth).
  8959 | Lair:1   | 8959 ||| Stepping ~*~*~tactically~*~*~ (stealth).
  8972 | Lair:1   | 8972 ||| Stepping ~*~*~tactically~*~*~ (stealth).
  8974 | Lair:1   | 8974 ||| INVOKING Heroism.
  9130 | Lair:1   | Noticed Sonja
  9131 | Lair:1   | 9131 ||| Stepping ~*~*~tactically~*~*~ (hiding).
  9140 | Lair:1   | Killed Sonja
  9141 | Lair:1   | Reached skill level 8 in Armour
  9196 | Lair:1   | 9196 ||| Stepping ~*~*~tactically~*~*~ (hiding).
  9457 | Lair:1   | 9457 ||| Stepping ~*~*~tactically~*~*~ (stealth).
  9459 | Lair:1   | 9459 ||| INVOKING Heroism.
  9591 | Lair:1   | Reached skill level 6 in Invocations
  9912 | Lair:1   | 9912 ||| UPGRADING to +0 pair of boots.
  9917 | Lair:1   | 9917 ||| DROPPING ring of willpower.
  9918 | Lair:1   | 9918 ||| READING 4 scrolls of identify.
  9918 | Lair:1   | 9918 ||| IDENTIFYING amethyst potion
  9919 | Lair:1   | 9919 ||| READING 3 scrolls of identify.
  9919 | Lair:1   | 9919 ||| IDENTIFYING fuming clear potion
  9920 | Lair:1   | 9920 ||| READING 2 scrolls of identify.
  9920 | Lair:1   | 9920 ||| IDENTIFYING fizzy coppery potion
  9921 | Lair:1   | 9921 ||| DROPPING potion of invisibility.
  9922 | Lair:1   | 9922 ||| DROPPING potion of berserk rage.
  9923 | Lair:1   | 9923 ||| DROPPING potion of brilliance.
  9956 | Lair:2   | 9956 ||| STAIRDANCE
 10009 | Lair:2   | 10009 ||| INVOKING Heroism.
 10022 | Lair:2   | Reached ***** piety under Okawaru
 10122 | Lair:2   | Noticed a catoblepas
 10123 | Lair:2   | 10123 ||| Stepping ~*~*~tactically~*~*~ (hiding).
 10127 | Lair:2   | 10127 ||| INVOKING Heroism.
 10140 | Lair:2   | Killed a catoblepas
 10140 | Lair:2   | Received a gift from Okawaru
 10315 | Lair:2   | 10315 ||| INVOKING Heroism.
 10459 | Lair:2   | 10459 ||| INVOKING Heroism.
 10473 | Lair:2   | 10473 ||| INVOKING Heroism.
 10562 | Lair:2   | Found a runed translucent door.
 10568 | Lair:2   | 10568 ||| INVOKING Heroism.
 10689 | Lair:2   | Found a staircase to the Snake Pit.
 10691 | Lair:2   | 10691 ||| INVOKING Heroism.
 10803 | Lair:2   | Noticed qw's ghost (journeyman GrFi)
 10803 | Lair:2   | Identified the +5 spear "Tyxahauq" {drain, *Corrode rPois
                  | Str+5}
 10803 | Lair:2   | Noticed a spriggan rider
 10849 | Lair:2   | Identified the +2 crystal plate armour "Bamoteut" {Dex+3}
                  | (Okawaru gifted it to you on level 2 of the Lair of Beasts)
 10849 | Lair:2   | Received a gift from Okawaru
 11048 | Lair:2   | 11048 ||| UPGRADING to +0 pair of gloves.
 11053 | Lair:2   | 11053 ||| UPGRADING to +2 crystal plate armour "Bamoteut"
                  | {Dex+3}.
 11063 | Lair:2   | 11063 ||| DROPPING +0 plate armour.
 11107 | Lair:3   | 11107 ||| INVOKING Heroism.
 11125 | Lair:3   | Reached XP level 12. HP: 49/76 MP: 16/18
 11313 | Lair:3   | 11313 ||| INVOKING Heroism.
 11404 | Lair:3   | 11404 ||| INVOKING Heroism.
 11409 | Lair:3   | Reached skill level 9 in Armour
 11435 | Lair:3   | 11435 ||| Stepping ~*~*~tactically~*~*~ (stealth).
 11436 | Lair:3   | 11436 ||| Stepping ~*~*~tactically~*~*~ (stealth).
 11438 | Lair:3   | 11438 ||| Stepping ~*~*~tactically~*~*~ (stealth).
 11443 | Lair:3   | 11443 ||| Stepping ~*~*~tactically~*~*~ (stealth).
 11445 | Lair:3   | 11445 ||| Stepping ~*~*~tactically~*~*~ (stealth).
 11453 | Lair:3   | Noticed Prince Ribbit
 11454 | Lair:3   | 11454 ||| Stepping ~*~*~tactically~*~*~ (stealth).
 11458 | Lair:3   | 11458 ||| INVOKING Heroism.
 11460 | Lair:3   | Noticed a seven-headed hydra
 11461 | Lair:3   | 11461 ||| INVOKING Finesse.
 11468 | Lair:3   | 11468 ||| SWAPPING to +3 flail of freezing.
 11471 | Lair:3   | 11471 ||| Stepping ~*~*~tactically~*~*~ (outnumbered).
 11472 | Lair:3   | 11472 ||| Stepping ~*~*~tactically~*~*~ (outnumbered).
 11473 | Lair:3   | 11473 ||| Stepping ~*~*~tactically~*~*~ (outnumbered).
 11474 | Lair:3   | 11474 ||| Stepping ~*~*~tactically~*~*~ (outnumbered).
 11482 | Lair:3   | Killed a seven-headed hydra
 11483 | Lair:3   | Reached skill level 9 in Invocations
 11483 | Lair:3   | 11483 ||| SWAPPING to +4 war axe of chaos.
 11491 | Lair:3   | Killed Prince Ribbit
 11625 | Lair:3   | 11625 ||| Stepping ~*~*~tactically~*~*~ (stealth).
 11712 | Lair:3   | 11712 ||| INVOKING Heroism.
 11764 | Lair:3   | 11764 ||| INVOKING Heroism.
 11769 | Lair:3   | Reached skill level 10 in Armour
 11899 | Lair:3   | 11899 ||| INVOKING Heroism.
 11947 | Lair:3   | 11947 ||| INVOKING Heroism.
 12028 | Lair:3   | 12028 ||| INVOKING Heroism.
 12115 | Lair:3   | Noticed a six-headed hydra
 12116 | Lair:3   | 12116 ||| INVOKING Heroism.
 12117 | Lair:3   | 12117 ||| INVOKING Finesse.
 12117 | Lair:3   | Noticed a five-headed hydra
 12118 | Lair:3   | 12118 ||| SWAPPING to +3 flail of freezing.
 12125 | Lair:3   | Reached skill level 11 in Armour
 12134 | Lair:3   | Killed a six-headed hydra
 12138 | Lair:3   | Killed a five-headed hydra
 12139 | Lair:3   | Reached skill level 12 in Axes
 12139 | Lair:3   | 12139 ||| SWAPPING to +4 war axe of chaos.
 12173 | Lair:3   | 12173 ||| Stepping ~*~*~tactically~*~*~ (stealth).
 12188 | Lair:3   | 12188 ||| INVOKING Heroism.
 12336 | Lair:3   | Found a staircase to the Swamp.
 12649 | Lair:3   | 12649 ||| UPGRADING to +0 kite shield.
 12659 | Lair:3   | 12659 ||| DROPPING +0 buckler.
 12674 | Lair:4   | Noticed a six-headed hydra
 12675 | Lair:4   | 12675 ||| Stepping ~*~*~tactically~*~*~ (hiding).
 12676 | Lair:4   | 12676 ||| INVOKING Heroism.
 12677 | Lair:4   | 12677 ||| SWAPPING to +3 flail of freezing.
 12678 | Lair:4   | 12678 ||| INVOKING Finesse.
 12684 | Lair:4   | Killed a six-headed hydra
 12685 | Lair:4   | Reached skill level 6 in Shields
 12685 | Lair:4   | 12685 ||| SWAPPING to +4 war axe of chaos.
 12757 | Lair:4   | 12757 ||| INVOKING Heroism.
 12765 | Lair:4   | Reached XP level 13. HP: 80/80 MP: 18/20
 12796 | Lair:4   | 12796 ||| INVOKING Finesse.
 12799 | Lair:4   | 12799 ||| INVOKING Heroism.
 12800 | Lair:4   | 12800 ||| SWAPPING to +3 flail of freezing.
 12810 | Lair:4   | 12810 ||| SWAPPING to +4 war axe of chaos.
 12857 | Lair:4   | 12857 ||| Stepping ~*~*~tactically~*~*~ (stealth).
 12860 | Lair:4   | 12860 ||| Stepping ~*~*~tactically~*~*~ (stealth).
 12862 | Lair:4   | 12862 ||| INVOKING Heroism.
 13023 | Lair:4   | 13023 ||| INVOKING Heroism.
 13029 | Lair:4   | Received a gift from Okawaru
 13061 | Lair:4   | 13061 ||| INVOKING Heroism.
 13305 | Lair:4   | 13305 ||| INVOKING Heroism.
 13339 | Lair:4   | Reached skill level 9 in Shields
 13508 | Lair:4   | 13508 ||| INVOKING Heroism.
 13867 | Lair:4   | 13867 ||| Stepping ~*~*~tactically~*~*~ (stealth).
 13870 | Lair:4   | 13870 ||| INVOKING Heroism.
 13873 | Lair:4   | Received a gift from Okawaru
 14335 | Lair:4   | 14335 ||| READING scroll labelled MILO DOMMEHAN.
 14336 | Lair:4   | 14336 ||| READING scroll labelled OFIMOZ XYI.
 14361 | Lair:5   | Entered Level 5 of the Lair of Beasts
 14364 | Lair:5   | 14364 ||| INVOKING Heroism.
 14365 | Lair:5   | 14365 ||| INVOKING Finesse.
 14445 | Lair:5   | Found a staircase to the Slime Pits.
 14567 | Lair:5   | 14567 ||| Stepping ~*~*~tactically~*~*~ (hiding).
 14570 | Lair:5   | 14570 ||| INVOKING Heroism.
 14572 | Lair:5   | 14572 ||| INVOKING Finesse.
 14643 | Lair:5   | 14643 ||| INVOKING Heroism.
 14676 | Lair:5   | 14676 ||| INVOKING Heroism.
 14682 | Lair:5   | Reached skill level 12 in Armour
 14849 | Lair:5   | 14849 ||| INVOKING Heroism.
 14879 | Lair:5   | 14879 ||| Stepping ~*~*~tactically~*~*~ (stealth).
 14890 | Lair:5   | 14890 ||| DROPPING +3 flail of freezing.
 14909 | Lair:5   | 14909 ||| INVOKING Heroism.
 15118 | Lair:5   | 15118 ||| Stepping ~*~*~tactically~*~*~ (stealth).
 15119 | Lair:5   | 15119 ||| INVOKING Heroism.
 15177 | Lair:5   | 15177 ||| INVOKING Heroism.
 15182 | Lair:5   | Received a gift from Okawaru
 15197 | Lair:5   | Identified a scroll of acquirement
 15208 | Lair:5   | 15208 ||| READING scroll of acquirement.
 15208 | Lair:5   | 15208 ||| ACQUIRING +14 obsidian axe {vorpal, Mesm Drain
                  | Fly SInv}
 15208 | Lair:5   | Acquired the +14 obsidian axe {vorpal, Mesm Drain Fly SInv}
 15208 | Lair:5   | Found the +14 obsidian axe {vorpal, Mesm Drain Fly SInv}
 15210 | Lair:5   | 15210 ||| SWAPPING to +14 obsidian axe {vorpal, Mesm Drain
                  | Fly SInv}.
 15211 | Lair:5   | 15211 ||| REMOVING ring of see invisible.
 15212 | Lair:5   | 15212 ||| DROPPING +4 war axe of chaos.
 15279 | Lair:5   | 15279 ||| Stepping ~*~*~tactically~*~*~ (stealth).
 15290 | Lair:5   | 15290 ||| FLEEEEING.
 15291 | Lair:5   | 15291 ||| INVOKING Heroism.
 15351 | Lair:5   | 15351 ||| INVOKING Heroism.
 15352 | Lair:5   | 15352 ||| Stepping ~*~*~tactically~*~*~ (stealth).
 15597 | Lair:5   | Noticed a dire elephant
 15597 | Lair:5   | Noticed a dire elephant
 15604 | Lair:5   | Noticed a dire elephant
 15605 | Lair:5   | 15605 ||| INVOKING Heroism.
 15615 | Lair:5   | Killed a dire elephant
 15804 | Lair:5   | 15804 ||| INVOKING Heroism.
 15805 | Lair:5   | 15805 ||| INVOKING Finesse.
 15866 | Lair:5   | 15866 ||| INVOKING Heroism.
 15867 | Lair:5   | 15867 ||| Stepping ~*~*~tactically~*~*~ (hiding).
 15874 | Lair:5   | Gained mutation: Your large and strong wings let you fly.
                  | [Gargoyle growth]
 15874 | Lair:5   | Reached XP level 14. HP: 88/88 MP: 19/21
 15894 | Lair:5   | Identified the amulet of Unofre {Faith Rampage rN+ Regen+}
 16126 | Lair:5   | 16126 ||| INVOKING Heroism.
 16157 | Lair:5   | Killed a dire elephant
 16168 | Lair:5   | 16168 ||| INVOKING Heroism.
 16171 | Lair:5   | Killed a dire elephant
 16177 | Lair:5   | Reached skill level 13 in Armour
 16324 | Lair:5   | 16324 ||| INVOKING Heroism.
 16371 | Lair:5   | 16371 ||| INVOKING Heroism.
 16418 | Lair:5   | 16418 ||| INVOKING Heroism.
 16432 | Lair:5   | 16432 ||| INVOKING Heroism.
 16470 | Lair:5   | 16470 ||| INVOKING Heroism.
 16495 | Lair:5   | 16495 ||| INVOKING Heroism.
 16531 | Lair:5   | 16531 ||| INVOKING Heroism.
 16825 | Lair:5   | 16825 ||| PLANNING D:1-11
 16825 | Lair:5   | 16825 ||| DROPPING +1 helmet of intelligence.
 16826 | Lair:5   | 16826 ||| UPGRADING to amulet of Unofre {Faith Rampage rN+
                  | Regen+}.
 16831 | Lair:5   | 16831 ||| DROPPING ring of see invisible.
 16832 | Lair:5   | 16832 ||| UPGRADING to +4 ring of protection.
 16833 | Lair:5   | 16833 ||| READING 2 scrolls of identify.
 16833 | Lair:5   | 16833 ||| IDENTIFYING murky grey potion
 16958 | D:10     | Entered Level 10 of the Dungeon
 16980 | D:10     | Found an opulent altar of Gozag.
 17037 | D:10     | 17037 ||| INVOKING Heroism.
 17057 | D:10     | Found a staircase to the Orcish Mines.
 17128 | D:10     | Noticed Fannar
 17137 | D:10     | 17137 ||| INVOKING Heroism.
 17140 | D:10     | Killed Fannar
 17275 | D:10     | 17275 ||| Stepping ~*~*~tactically~*~*~ (stealth).
 17277 | D:10     | 17277 ||| INVOKING Heroism.
 17625 | D:11     | You are sucked into a shaft and drop 3 floors!
 17663 | D:13     | Found Roqiros's General Store.
 17718 | D:12     | 17718 ||| INVOKING Heroism.
 17807 | D:12     | 17807 ||| Stepping ~*~*~tactically~*~*~ (stealth).
 17809 | D:12     | 17809 ||| INVOKING Heroism.
 17863 | D:12     | 17863 ||| Stepping ~*~*~tactically~*~*~ (stealth).
 17897 | D:12     | 17897 ||| UPGRADING to +1 pair of boots.
 17907 | D:12     | 17907 ||| DROPPING +0 pair of boots.
 17973 | D:11     | Noticed Maurice
 17980 | D:11     | Killed Maurice
 18042 | D:11     | Received a gift from Okawaru
 18218 | D:11     | 18218 ||| Stepping ~*~*~tactically~*~*~ (hiding).
 18429 | D:11     | 18429 ||| PLANNING D
 18429 | D:11     | 18429 ||| READING 2 scrolls of identify.
 18429 | D:11     | 18429 ||| IDENTIFYING orange potion
 18478 | D:12     | 18478 ||| Stepping ~*~*~tactically~*~*~ (hiding).
 18882 | D:12     | 18882 ||| DROPPING scarf of harm.
 18922 | D:13     | 18922 ||| READING scroll of enchant armour.
 18922 | D:13     | 18922 ||| ENCHANTING +0 pair of gloves.
 18927 | D:13     | 18927 ||| Stepping ~*~*~tactically~*~*~ (hiding).
 18929 | D:13     | 18929 ||| INVOKING Heroism.
 18985 | D:13     | 18985 ||| BUYING +0 tower shield (81 gold).
 18985 | D:13     | Bought a +0 tower shield for 81 gold pieces
 18985 | D:13     | 18985 ||| BUYING potion of heal wounds (90 gold).
 18985 | D:13     | Bought a potion of heal wounds for 90 gold pieces
 18985 | D:13     | 18985 ||| BUYING scroll of brand weapon (171 gold).
 18985 | D:13     | Bought a scroll of brand weapon for 171 gold pieces
 19008 | D:13     | 19008 ||| INVOKING Heroism.
 19043 | D:13     | 19043 ||| INVOKING Heroism.
 19077 | D:13     | 19077 ||| INVOKING Heroism.
 19099 | D:13     | Reached skill level 12 in Shields
 19142 | D:13     | Found a gate to the Vaults.
 19233 | D:13     | 19233 ||| Stepping ~*~*~tactically~*~*~ (hiding).
 19236 | D:13     | 19236 ||| INVOKING Heroism.
 19237 | D:13     | 19237 ||| INVOKING Finesse.
 19241 | D:13     | Received a gift from Okawaru
 19256 | D:13     | Reached XP level 15. HP: 64/94 MP: 15/22
 19471 | D:13     | Found the amulet of Vitality {RegenMP++ Regen++}
 19674 | D:13     | 19674 ||| UPGRADING to +0 tower shield.
 19684 | D:13     | 19684 ||| DROPPING +0 kite shield.
 19685 | D:13     | 19685 ||| UPGRADING to amulet of Vitality {RegenMP++
                  | Regen++}.
 19695 | D:13     | 19695 ||| DROPPING amulet of Unofre {Faith Rampage rN+
                  | Regen+}.
 19795 | D:14     | Received a gift from Okawaru
 19831 | D:14     | 19831 ||| INVOKING Heroism.
 19952 | D:14     | 19952 ||| Stepping ~*~*~tactically~*~*~ (stealth).
 19953 | D:14     | 19953 ||| Stepping ~*~*~tactically~*~*~ (stealth).
 19961 | D:14     | 19961 ||| INVOKING Heroism.
 20582 | D:15     | Entered Level 15 of the Dungeon
 20711 | D:15     | 20711 ||| Stepping ~*~*~tactically~*~*~ (hiding).
 20718 | D:15     | 20718 ||| INVOKING Heroism.
 20781 | D:15     | 20781 ||| INVOKING Heroism.
 20921 | D:15     | 20921 ||| INVOKING Heroism.
 20922 | D:15     | 20922 ||| INVOKING Finesse.
 20956 | D:15     | Found a staircase to the Depths.
 21188 | D:15     | Gained mutation: Your mind is acute. (Int +4, Str/Dex -1)
                  | [a shining eye]
 21191 | D:15     | Lost mutation: Your mind is acute. (Int +4, Str/Dex -1) [a
                  | shining eye]
 21197 | D:15     | Reached skill level 15 in Shields
 21198 | D:15     | 21198 ||| INVOKING Heroism.
 21311 | D:15     | 21311 ||| INVOKING Heroism.
 21322 | D:15     | 21322 ||| PLANNING ORC
 21322 | D:15     | 21322 ||| READING 6 scrolls of identify.
 21322 | D:15     | 21322 ||| IDENTIFYING pink potion
 21450 | Orc:1    | Entered Level 1 of the Orcish Mines
 21451 | Orc:1    | 21451 ||| INVOKING Heroism.
 21702 | Orc:2    | Entered Level 2 of the Orcish Mines
 21707 | Orc:2    | 21707 ||| INVOKING Heroism.
 21785 | Orc:2    | Found Momyulu's Jewellery Boutique.
 21793 | Orc:2    | 21793 ||| BUYING ring "Obitac" {rN+ AC+4} (755 gold).
 21793 | Orc:2    | Bought the ring "Obitac" {rN+ AC+4} for 755 gold pieces
 21793 | Orc:2    | 21793 ||| BUYING ring of ice (400 gold).
 21793 | Orc:2    | Bought a ring of ice for 400 gold pieces
 21793 | Orc:2    | 21793 ||| SHOPLISTING ring of protection from fire (400
                  | gold, have 358).
 21794 | Orc:2    | Found a staircase to the Elven Halls.
 21877 | Orc:2    | 21877 ||| FLEEEEING.
 21878 | Orc:2    | 21878 ||| INVOKING Heroism.
 21879 | Orc:2    | 21879 ||| Stepping ~*~*~tactically~*~*~ (hiding).
 21880 | Orc:2    | 21880 ||| Stepping ~*~*~tactically~*~*~ (hiding).
 21941 | Orc:2    | 21941 ||| Stepping ~*~*~tactically~*~*~ (stealth).
 21948 | Orc:2    | 21948 ||| Stepping ~*~*~tactically~*~*~ (stealth).
 21953 | Orc:2    | 21953 ||| INVOKING Heroism.
 21963 | Orc:2    | Received a gift from Okawaru
 21978 | Orc:2    | 21978 ||| INVOKING Finesse.
 21989 | Orc:2    | Reached skill level 14 in Armour
 22019 | Orc:2    | 22019 ||| DROPPING +0 morningstar.
 22028 | Orc:2    | Found Vigrad's Antique Armour Shop.
 22028 | Orc:2    | Found Wycsen's Weapon Shoppe.
 22030 | Orc:2    | Found Qyaffeic's Distillery.
 22030 | Orc:2    | Found Kuggui's Armour Shop.
 22039 | Orc:2    | 22039 ||| BUYING 2 potions of magic (208 gold).
 22039 | Orc:2    | Bought 2 potions of magic for 208 gold pieces
 22039 | Orc:2    | 22039 ||| BUYING potion of attraction (39 gold).
 22039 | Orc:2    | Bought a potion of attraction for 39 gold pieces
 22039 | Orc:2    | 22039 ||| BUYING potion of haste (130 gold).
 22039 | Orc:2    | Bought a potion of haste for 130 gold pieces
 22039 | Orc:2    | 22039 ||| BUYING potion of heal wounds (65 gold).
 22039 | Orc:2    | Bought a potion of heal wounds for 65 gold pieces
 22039 | Orc:2    | 22039 ||| BUYING potion of might (52 gold).
 22039 | Orc:2    | Bought a potion of might for 52 gold pieces
 22151 | Orc:2    | Found a dark tunnel.
 22157 | Orc:2    | 22157 ||| UPGRADING to ring "Obitac" {rN+ AC+4}.
 22159 | Orc:2    | 22159 ||| DROPPING +4 ring of protection.
 22193 | Orc:1    | 22193 ||| INVOKING Heroism.
 22201 | Orc:1    | Noticed Snorg
 22202 | Orc:1    | 22202 ||| INVOKING Finesse.
 22211 | Orc:1    | Killed Snorg
 22373 | Orc:1    | Found a large runed translucent door.
 22373 | Orc:1    | Found a large runed translucent door.
 22376 | Orc:1    | 22376 ||| INVOKING Heroism.
 22404 | Orc:1    | Noticed astronautguy's ghost (journeyman GrMo)
 22513 | Orc:1    | 22513 ||| PLANNING SWAMP:1-3
 22683 | Swamp:1  | Entered Level 1 of the Swamp
 22715 | Swamp:1  | 22715 ||| INVOKING Heroism.
 22735 | Swamp:1  | Reached XP level 16. HP: 100/100 MP: 23/23
 22744 | Swamp:1  | 22744 ||| Stepping ~*~*~tactically~*~*~ (cloud).
 22764 | Swamp:1  | 22764 ||| Stepping ~*~*~tactically~*~*~ (stealth).
 22769 | Swamp:1  | 22769 ||| INVOKING Heroism.
 22781 | Swamp:1  | Received a gift from Okawaru
 22959 | Swamp:1  | 22959 ||| INVOKING Heroism.
 22972 | Swamp:1  | Reached skill level 6 in Throwing
 22991 | Swamp:1  | Received a gift from Okawaru
 22992 | Swamp:1  | Reached skill level 3 in Dodging
 23139 | Swamp:1  | 23139 ||| INVOKING Heroism.
 23275 | Swamp:2  | 23275 ||| INVOKING Heroism.
 23319 | Swamp:2  | 23319 ||| READING scroll of enchant armour.
 23319 | Swamp:2  | 23319 ||| ENCHANTING +1 pair of gloves.
 23347 | Swamp:2  | Noticed a fenstrider witch
 23348 | Swamp:2  | 23348 ||| INVOKING Heroism.
 23350 | Swamp:2  | Paralysed by a fenstrider witch for 3 turns
 23357 | Swamp:2  | Killed a fenstrider witch
 23407 | Swamp:2  | 23407 ||| INVOKING Heroism.
 23413 | Swamp:2  | Identified the +2 scale mail "Ubbiclov" {Drain rPois rC+}
                  | (Okawaru gifted it to you on level 2 of the Swamp)
 23413 | Swamp:2  | Received a gift from Okawaru
 23449 | Swamp:2  | 23449 ||| INVOKING Finesse.
 23506 | Swamp:2  | 23506 ||| INVOKING Heroism.
 23509 | Swamp:2  | 23509 ||| INVOKING Finesse.
 23541 | Swamp:2  | Noticed Aizul
 23549 | Swamp:2  | Reached skill level 15 in Axes
 23559 | Swamp:2  | Killed Aizul
 23917 | Swamp:3  | 23917 ||| INVOKING Heroism.
 24080 | Swamp:3  | 24080 ||| INVOKING Heroism.
 24173 | Swamp:3  | 24173 ||| INVOKING Heroism.
 24180 | Swamp:3  | Reached skill level 12 in Fighting
 24180 | Swamp:3  | 24180 ||| INVOKING Finesse.
 24194 | Swamp:3  | 24194 ||| Stepping ~*~*~tactically~*~*~ (hiding).
 24196 | Swamp:3  | 24196 ||| Stepping ~*~*~tactically~*~*~ (hiding).
 24223 | Swamp:3  | Noticed a fenstrider witch
 24224 | Swamp:3  | 24224 ||| INVOKING Heroism.
 24234 | Swamp:3  | Killed a fenstrider witch
 24235 | Swamp:3  | 24235 ||| Stepping ~*~*~tactically~*~*~ (cloud).
 24346 | Swamp:3  | 24346 ||| Stepping ~*~*~tactically~*~*~ (hiding).
 24348 | Swamp:3  | 24348 ||| INVOKING Heroism.
 24403 | Swamp:3  | 24403 ||| INVOKING Heroism.
 24508 | Swamp:3  | 24508 ||| READING scroll of enchant armour.
 24508 | Swamp:3  | 24508 ||| ENCHANTING +1 pair of boots.
 24553 | Swamp:3  | Noticed Bai Suzhen
 24554 | Swamp:3  | 24554 ||| INVOKING Heroism.
 24555 | Swamp:3  | 24555 ||| INVOKING Finesse.
 24572 | Swamp:3  | Killed Bai Suzhen
 24572 | Swamp:3  | Received a gift from Okawaru
 24573 | Swamp:3  | 24573 ||| Stepping ~*~*~tactically~*~*~ (cloud).
 24651 | Swamp:3  | 24651 ||| PLANNING SNAKE:1-3
 24753 | Snake:1  | Entered Level 1 of the Snake Pit
 24753 | Snake:1  | Noticed Frances
 24754 | Snake:1  | 24754 ||| INVOKING Heroism.
 24755 | Snake:1  | 24755 ||| INVOKING Finesse.
 24766 | Snake:1  | Killed Frances
 24779 | Snake:1  | Received a gift from Okawaru
 24782 | Snake:1  | 24782 ||| Stepping ~*~*~tactically~*~*~ (hiding).
 24783 | Snake:1  | 24783 ||| Stepping ~*~*~tactically~*~*~ (hiding).
 24905 | Snake:1  | 24905 ||| Stepping ~*~*~tactically~*~*~ (hiding).
 24915 | Snake:1  | Reached XP level 17. HP: 106/106 MP: 24/24
 25008 | Snake:1  | 25008 ||| INVOKING Heroism.
 25125 | Snake:1  | 25125 ||| INVOKING Heroism.
 25127 | Snake:1  | 25127 ||| Stepping ~*~*~tactically~*~*~ (hiding).
 25170 | Snake:1  | Noticed Donald
 25171 | Snake:1  | 25171 ||| INVOKING Heroism.
 25172 | Snake:1  | 25172 ||| INVOKING Finesse.
 25176 | Snake:1  | Killed Donald
 25183 | Snake:1  | 25183 ||| Stepping ~*~*~tactically~*~*~ (hiding).
 25189 | Snake:1  | Reached skill level 15 in Armour
 25193 | Snake:1  | 25193 ||| INVOKING Heroism.
 25240 | Snake:1  | Found Bekhluol's Distillery.
 25241 | Snake:1  | Found Zugoasues's Antique Armour Shop.
 25243 | Snake:1  | Found Hotho Yguj's Distillery.
 25243 | Snake:1  | Found Zeris's General Store.
 25251 | Snake:1  | 25251 ||| BUYING potion of attraction (39 gold).
 25251 | Snake:1  | Bought a potion of attraction for 39 gold pieces
 25251 | Snake:1  | 25251 ||| BUYING potion of curing (39 gold).
 25251 | Snake:1  | Bought a potion of curing for 39 gold pieces
 25251 | Snake:1  | 25251 ||| BUYING potion of haste (130 gold).
 25251 | Snake:1  | Bought a potion of haste for 130 gold pieces
 25251 | Snake:1  | 25251 ||| BUYING potion of haste (130 gold).
 25251 | Snake:1  | Bought a potion of haste for 130 gold pieces
 25251 | Snake:1  | 25251 ||| BUYING potion of lignification (39 gold).
 25251 | Snake:1  | Bought a potion of lignification for 39 gold pieces
 25251 | Snake:1  | 25251 ||| BUYING potion of might (52 gold).
 25251 | Snake:1  | Bought a potion of might for 52 gold pieces
 25251 | Snake:1  | 25251 ||| BUYING potion of mutation (104 gold).
 25251 | Snake:1  | Bought a potion of mutation for 104 gold pieces
 25255 | Snake:1  | 25255 ||| SHOPLISTING scroll of enchant armour (135 gold,
                  | have 51).
 25255 | Snake:1  | 25255 ||| SHOPLISTING scroll of teleportation (54 gold,
                  | have 51).
 25259 | Snake:1  | 25259 ||| SHOPLISTING 2 potions of mutation (256 gold, have
                  | 51).
 25259 | Snake:1  | 25259 ||| SHOPLISTING potion of experience (800 gold, have
                  | 51).
 25259 | Snake:1  | 25259 ||| SHOPLISTING potion of haste (160 gold, have 51).
 25310 | Snake:1  | 25310 ||| Stepping ~*~*~tactically~*~*~ (stealth).
 25386 | Snake:1  | 25386 ||| INVOKING Heroism.
 25393 | Snake:1  | Received a gift from Okawaru
 25493 | Snake:2  | 25493 ||| Stepping ~*~*~tactically~*~*~ (hiding).
 25497 | Snake:2  | Received a gift from Okawaru
 25537 | Snake:2  | 25537 ||| Stepping ~*~*~tactically~*~*~ (stealth).
 25538 | Snake:2  | 25538 ||| Stepping ~*~*~tactically~*~*~ (stealth).
 25550 | Snake:2  | 25550 ||| Stepping ~*~*~tactically~*~*~ (stealth).
 25552 | Snake:2  | 25552 ||| Stepping ~*~*~tactically~*~*~ (hiding).
 25710 | Snake:2  | 25710 ||| Stepping ~*~*~tactically~*~*~ (stealth).
 26430 | Snake:3  | 26430 ||| Stepping ~*~*~tactically~*~*~ (hiding).
 26435 | Snake:3  | 26435 ||| INVOKING Heroism.
 26480 | Snake:3  | Found a bloodstained altar of Trog.
 26481 | Snake:3  | 26481 ||| Stepping ~*~*~tactically~*~*~ (hiding).
 26482 | Snake:3  | 26482 ||| Stepping ~*~*~tactically~*~*~ (hiding).
 26493 | Snake:3  | Received a gift from Okawaru
 26518 | Snake:3  | Noticed Roxanne
 26519 | Snake:3  | 26519 ||| INVOKING Heroism.
 26520 | Snake:3  | 26520 ||| INVOKING Finesse.
 26536 | Snake:3  | Killed Roxanne
 26673 | Snake:3  | 26673 ||| Stepping ~*~*~tactically~*~*~ (hiding).
 26682 | Snake:3  | 26682 ||| INVOKING Heroism.
 26742 | Snake:3  | 26742 ||| INVOKING Heroism.
 26806 | Snake:3  | 26806 ||| INVOKING Heroism.
 26988 | Snake:3  | 26988 ||| INVOKING Heroism.
 26994 | Snake:3  | Received a gift from Okawaru
 27188 | Snake:3  | 27188 ||| Stepping ~*~*~tactically~*~*~ (hiding).
 27316 | Snake:3  | 27316 ||| PLANNING SWAMP:4
 27512 | Swamp:4  | Entered Level 4 of the Swamp
 27516 | Swamp:4  | 27516 ||| INVOKING Heroism.
 27577 | Swamp:4  | 27577 ||| INVOKING Heroism.
 27633 | Swamp:4  | 27633 ||| Stepping ~*~*~tactically~*~*~ (hiding).
 27634 | Swamp:4  | 27634 ||| Stepping ~*~*~tactically~*~*~ (hiding).
 27636 | Swamp:4  | 27636 ||| INVOKING Heroism.
 27667 | Swamp:4  | 27667 ||| Stepping ~*~*~tactically~*~*~ (stealth).
 27668 | Swamp:4  | 27668 ||| Stepping ~*~*~tactically~*~*~ (stealth).
 27669 | Swamp:4  | 27669 ||| Stepping ~*~*~tactically~*~*~ (stealth).
 27670 | Swamp:4  | 27670 ||| Stepping ~*~*~tactically~*~*~ (stealth).
 27671 | Swamp:4  | 27671 ||| Stepping ~*~*~tactically~*~*~ (stealth).
 27672 | Swamp:4  | 27672 ||| Stepping ~*~*~tactically~*~*~ (stealth).
 27675 | Swamp:4  | 27675 ||| INVOKING Heroism.
 27753 | Swamp:4  | 27753 ||| Stepping ~*~*~tactically~*~*~ (stealth).
 27754 | Swamp:4  | 27754 ||| Stepping ~*~*~tactically~*~*~ (stealth).
 27756 | Swamp:4  | 27756 ||| Stepping ~*~*~tactically~*~*~ (stealth).
 27757 | Swamp:4  | 27757 ||| Stepping ~*~*~tactically~*~*~ (stealth).
 27759 | Swamp:4  | 27759 ||| Stepping ~*~*~tactically~*~*~ (hiding).
 27891 | Swamp:4  | 27891 ||| INVOKING Heroism.
 27913 | Swamp:4  | Noticed a tentacled monstrosity
 27914 | Swamp:4  | 27914 ||| INVOKING Finesse.
 27923 | Swamp:4  | Killed a tentacled monstrosity
 27930 | Swamp:4  | 27930 ||| INVOKING Heroism.
 27968 | Swamp:4  | 27968 ||| INVOKING Heroism.
 27971 | Swamp:4  | 27971 ||| INVOKING Finesse.
 27987 | Swamp:4  | Reached XP level 18. HP: 114/114 MP: 25/25
 28000 | Swamp:4  | Identified the +1 broad axe "Dragonslayer" {antimagic,
                  | *Rage rF+++ rCorr Str+4} (Okawaru gifted it to you on level
                  | 4 of the Swamp)
 28000 | Swamp:4  | Received a gift from Okawaru
 28001 | Swamp:4  | Reached skill level 16 in Armour
 28010 | Swamp:4  | 28010 ||| DROPPING +2 hand axe of flaming.
 28012 | Swamp:4  | 28012 ||| DROPPING +1 broad axe "Dragonslayer" {antimagic,
                  | *Rage rF+++ rCorr Str+4, mikee}.
 28032 | Swamp:4  | 28032 ||| Stepping ~*~*~tactically~*~*~ (stealth).
 28043 | Swamp:4  | 28043 ||| INVOKING Heroism.
 28066 | Swamp:4  | 28066 ||| Stepping ~*~*~tactically~*~*~ (hiding).
 28068 | Swamp:4  | 28068 ||| Stepping ~*~*~tactically~*~*~ (cloud).
 28196 | Swamp:4  | Got a decaying rune of Zot
 28330 | Swamp:4  | 28330 ||| PLANNING VAULTS:1-4
 28578 | Vaults:1 | Entered Level 1 of the Vaults
 28806 | Vaults:1 | 28806 ||| INVOKING Heroism.
 28815 | Vaults:1 | 28815 ||| Stepping ~*~*~tactically~*~*~ (hiding).
 28954 | Vaults:1 | 28954 ||| INVOKING Heroism.
 28955 | Vaults:1 | 28955 ||| INVOKING Finesse.
 28972 | Vaults:1 | 28972 ||| Stepping ~*~*~tactically~*~*~ (hiding).
 28988 | Vaults:1 | 28988 ||| Stepping ~*~*~tactically~*~*~ (hiding).
 29005 | Vaults:1 | 29005 ||| Stepping ~*~*~tactically~*~*~ (stealth).
 29010 | Vaults:1 | 29010 ||| INVOKING Heroism.
 29011 | Vaults:1 | Received a gift from Okawaru
 29133 | Vaults:1 | Received a gift from Okawaru
 29146 | Vaults:1 | Reached skill level 18 in Axes
 29148 | Vaults:1 | Noticed Nikola
 29149 | Vaults:1 | 29149 ||| INVOKING Heroism.
 29153 | Vaults:1 | 29153 ||| Stepping ~*~*~tactically~*~*~ (hiding).
 29157 | Vaults:1 | 29157 ||| Stepping ~*~*~tactically~*~*~ (hiding).
 29158 | Vaults:1 | 29158 ||| INVOKING Finesse.
 29170 | Vaults:1 | Killed Nikola
 29170 | Vaults:1 | Identified the +1 pair of gloves "Povah" {rPois Dex+4}
                  | (Okawaru gifted it to you on level 1 of the Vaults)
 29170 | Vaults:1 | Received a gift from Okawaru
 29234 | Vaults:1 | Paralysed by a great orb of eyes for 4 turns
 29471 | Vaults:1 | 29471 ||| Stepping ~*~*~tactically~*~*~ (hiding).
 29474 | Vaults:1 | 29474 ||| INVOKING Heroism.
 29633 | Vaults:1 | 29633 ||| Stepping ~*~*~tactically~*~*~ (hiding).
 29909 | Vaults:1 | 29909 ||| UPGRADING to +1 pair of gloves "Povah" {rPois
                  | Dex+4}.
 29919 | Vaults:1 | 29919 ||| DROPPING +2 pair of gloves.
 29952 | Vaults:2 | 29952 ||| INVOKING Heroism.
 30266 | Vaults:2 | 30266 ||| INVOKING Heroism.
 30454 | Vaults:2 | 30454 ||| INVOKING Heroism.
 30455 | Vaults:2 | 30455 ||| INVOKING Finesse.
 30460 | Vaults:2 | Reached skill level 17 in Armour
 30488 | Vaults:2 | 30488 ||| Stepping ~*~*~tactically~*~*~ (stealth).
 30498 | Vaults:2 | 30498 ||| Stepping ~*~*~tactically~*~*~ (hiding).
 30501 | Vaults:2 | 30501 ||| Stepping ~*~*~tactically~*~*~ (hiding).
 30629 | Vaults:2 | Found a portal to a secret trove of treasure.
 30768 | Vaults:2 | 30768 ||| INVOKING Heroism.
 30887 | Vaults:2 | 30887 ||| Stepping ~*~*~tactically~*~*~ (hiding).
 30888 | Vaults:2 | 30888 ||| Stepping ~*~*~tactically~*~*~ (hiding).
 30896 | Vaults:2 | 30896 ||| INVOKING Heroism.
 30910 | Vaults:2 | 30910 ||| Stepping ~*~*~tactically~*~*~ (hiding).
 31104 | Vaults:2 | 31104 ||| Stepping ~*~*~tactically~*~*~ (hiding).
 31115 | Vaults:2 | Reached XP level 19. HP: 120/120 MP: 26/26
 31158 | Vaults:2 | 31158 ||| INVOKING Heroism.
 31195 | Vaults:2 | 31195 ||| INVOKING Heroism.
 31438 | Vaults:3 | 31438 ||| INVOKING Heroism.
 31439 | Vaults:3 | 31439 ||| Stepping ~*~*~tactically~*~*~ (stealth).
 31446 | Vaults:3 | Reached skill level 18 in Shields
 31454 | Vaults:3 | Identified the +10 war axe of the Crypt {freeze, rC+ Will+}
                  | (Okawaru gifted it to you on level 3 of the Vaults)
 31454 | Vaults:3 | Received a gift from Okawaru
 31478 | Vaults:3 | 31478 ||| Stepping ~*~*~tactically~*~*~ (stealth).
 31485 | Vaults:3 | 31485 ||| INVOKING Heroism.
 31599 | Vaults:3 | 31599 ||| INVOKING Heroism.
 31600 | Vaults:3 | 31600 ||| INVOKING Finesse.
 31608 | Vaults:3 | 31608 ||| Stepping ~*~*~tactically~*~*~ (stealth).
 31614 | Vaults:3 | 31614 ||| Stepping ~*~*~tactically~*~*~ (hiding).
 31675 | Vaults:3 | 31675 ||| Stepping ~*~*~tactically~*~*~ (stealth).
 31677 | Vaults:3 | 31677 ||| Stepping ~*~*~tactically~*~*~ (hiding).
 31682 | Vaults:3 | 31682 ||| INVOKING Heroism.
 31683 | Vaults:3 | 31683 ||| INVOKING Finesse.
 31745 | Vaults:3 | 31745 ||| Stepping ~*~*~tactically~*~*~ (stealth).
 31747 | Vaults:3 | 31747 ||| Stepping ~*~*~tactically~*~*~ (hiding).
 31749 | Vaults:3 | 31749 ||| Stepping ~*~*~tactically~*~*~ (hiding).
 31753 | Vaults:3 | 31753 ||| DRINKING 13 potions of curing.
 31753 | Vaults:3 | 31753 ||| (to cure confusion)
 31754 | Vaults:3 | 31754 ||| DRINKING 12 potions of curing.
 31754 | Vaults:3 | 31754 ||| (to cure confusion)
 31815 | Vaults:3 | 31815 ||| Stepping ~*~*~tactically~*~*~ (stealth).
 31817 | Vaults:3 | 31817 ||| Stepping ~*~*~tactically~*~*~ (hiding).
 31830 | Vaults:3 | 31830 ||| Stepping ~*~*~tactically~*~*~ (stealth).
 31921 | Vaults:3 | 31921 ||| INVOKING Heroism.
 31936 | Vaults:3 | Identified the +5 broad axe of Okawaru's Condemnation
                  | {flame, *Slow rPois Int+4} (Okawaru gifted it to you on
                  | level 3 of the Vaults)
 31936 | Vaults:3 | Received a gift from Okawaru
 31964 | Vaults:3 | 31964 ||| INVOKING Finesse.
 32020 | Vaults:3 | Found a staircase to the Crypt.
 32023 | Vaults:3 | 32023 ||| DROPPING +5 broad axe of Okawaru's Condemnation
                  | {flame, *Slow rPois Int+4}.
 32104 | Vaults:3 | 32104 ||| FLEEEEING.
 32106 | Vaults:3 | 32106 ||| FLEEEEING.
 32107 | Vaults:3 | 32107 ||| FLEEEEING.
 32109 | Vaults:3 | 32109 ||| FLEEEEING.
 32126 | Vaults:3 | 32126 ||| FLEEEEING.
 32128 | Vaults:3 | 32128 ||| FLEEEEING.
 32132 | Vaults:3 | 32132 ||| INVOKING Heroism.
 32136 | Vaults:3 | Reached skill level 18 in Armour
 32770 | Vaults:3 | 32770 ||| INVOKING Heroism.
 32771 | Vaults:3 | 32771 ||| INVOKING Finesse.
 32834 | Vaults:4 | 32834 ||| INVOKING Heroism.
 32943 | Vaults:4 | 32943 ||| Stepping ~*~*~tactically~*~*~ (stealth).
 32945 | Vaults:4 | 32945 ||| Stepping ~*~*~tactically~*~*~ (hiding).
 32948 | Vaults:4 | 32948 ||| INVOKING Heroism.
 32949 | Vaults:4 | 32949 ||| INVOKING Finesse.
 32990 | Vaults:4 | 32990 ||| Stepping ~*~*~tactically~*~*~ (hiding).
 32991 | Vaults:4 | 32991 ||| Stepping ~*~*~tactically~*~*~ (hiding).
 32997 | Vaults:4 | 32997 ||| DRINKING 11 potions of curing.
 32997 | Vaults:4 | 32997 ||| (to cure confusion)
 32998 | Vaults:4 | Received a gift from Okawaru
 33020 | Vaults:4 | 33020 ||| INVOKING Finesse.
 33021 | Vaults:4 | 33021 ||| INVOKING Finesse.
 33050 | Vaults:4 | Reached skill level 15 in Fighting
 33057 | Vaults:4 | 33057 ||| Stepping ~*~*~tactically~*~*~ (hiding).
 33058 | Vaults:4 | 33058 ||| INVOKING Heroism.
 33094 | Vaults:4 | 33094 ||| INVOKING Heroism.
 33284 | Vaults:4 | 33284 ||| Stepping ~*~*~tactically~*~*~ (hiding).
 33286 | Vaults:4 | 33286 ||| INVOKING Heroism.
 33325 | Vaults:4 | 33325 ||| Stepping ~*~*~tactically~*~*~ (hiding).
 33326 | Vaults:4 | 33326 ||| INVOKING Finesse.
 33435 | Vaults:4 | 33435 ||| Stepping ~*~*~tactically~*~*~ (hiding).
 33443 | Vaults:4 | 33443 ||| Stepping ~*~*~tactically~*~*~ (hiding).
 33447 | Vaults:4 | 33447 ||| Stepping ~*~*~tactically~*~*~ (hiding).
 33451 | Vaults:4 | 33451 ||| Stepping ~*~*~tactically~*~*~ (hiding).
 33696 | Vaults:4 | Reached XP level 20. HP: 129/129 MP: 27/27
 33817 | Vaults:4 | Paralysed by a great orb of eyes for 5 turns
 33822 | Vaults:4 | 33822 ||| INVOKING Heroism.
 34098 | Vaults:4 | 34098 ||| PLANNING SNAKE:4
 34098 | Vaults:4 | 34098 ||| DROPPING ring of magical power.
 34580 | Snake:4  | Entered Level 4 of the Snake Pit
 34587 | Snake:4  | 34587 ||| Stepping ~*~*~tactically~*~*~ (hiding).
 34592 | Snake:4  | 34592 ||| INVOKING Heroism.
 34607 | Snake:4  | Reached skill level 19 in Armour
 34663 | Snake:4  | 34663 ||| Stepping ~*~*~tactically~*~*~ (stealth).
 34664 | Snake:4  | 34664 ||| Stepping ~*~*~tactically~*~*~ (hiding).
 34677 | Snake:4  | 34677 ||| Stepping ~*~*~tactically~*~*~ (hiding).
 34725 | Snake:4  | 34725 ||| Stepping ~*~*~tactically~*~*~ (hiding).
 34727 | Snake:4  | 34727 ||| Stepping ~*~*~tactically~*~*~ (hiding).
 34736 | Snake:4  | 34736 ||| INVOKING Heroism.
 34744 | Snake:4  | Received a gift from Okawaru
 34849 | Snake:4  | Noticed qw's ghost (adept GrFi)
 34849 | Snake:4  | Found a runed translucent door.
 34893 | Snake:4  | Found a bloodstained altar of Trog.
 34933 | Snake:4  | Found Dyqihan's Book Boutique.
 34961 | Snake:4  | 34961 ||| INVOKING Heroism.
 34967 | Snake:4  | Identified the +3 hat "Zuosan" {rF+} (Okawaru gifted it to
                  | you on level 4 of the Snake Pit)
 34967 | Snake:4  | Received a gift from Okawaru
 34998 | Snake:4  | 34998 ||| Stepping ~*~*~tactically~*~*~ (hiding).
 34999 | Snake:4  | 34999 ||| Stepping ~*~*~tactically~*~*~ (hiding).
 35001 | Snake:4  | 35001 ||| Stepping ~*~*~tactically~*~*~ (hiding).
 35038 | Snake:4  | 35038 ||| INVOKING Heroism.
 35042 | Snake:4  | Reached skill level 9 in Throwing
 35175 | Snake:4  | 35175 ||| Stepping ~*~*~tactically~*~*~ (hiding).
 35176 | Snake:4  | 35176 ||| Stepping ~*~*~tactically~*~*~ (hiding).
 35178 | Snake:4  | 35178 ||| Stepping ~*~*~tactically~*~*~ (hiding).
 35181 | Snake:4  | 35181 ||| INVOKING Heroism.
 35239 | Snake:4  | 35239 ||| FLEEEEING.
 35243 | Snake:4  | 35243 ||| FLEEEEING.
 35245 | Snake:4  | 35245 ||| Stepping ~*~*~tactically~*~*~ (hiding).
 35247 | Snake:4  | 35247 ||| Stepping ~*~*~tactically~*~*~ (hiding).
 35251 | Snake:4  | 35251 ||| INVOKING Heroism.
 35302 | Snake:4  | 35302 ||| Stepping ~*~*~tactically~*~*~ (stealth).
 35357 | Snake:4  | 35357 ||| Stepping ~*~*~tactically~*~*~ (stealth).
 35359 | Snake:4  | 35359 ||| Stepping ~*~*~tactically~*~*~ (stealth).
 35361 | Snake:4  | 35361 ||| Stepping ~*~*~tactically~*~*~ (hiding).
 35507 | Snake:4  | 35507 ||| INVOKING Heroism.
 35567 | Snake:4  | Identified the +1 scale mail of Mental Paralysis {Int+4}
 35591 | Snake:4  | Got a serpentine rune of Zot
 35642 | Snake:4  | 35642 ||| INVOKING Heroism.
 35662 | Snake:4  | 35662 ||| INVOKING Heroism.
 35733 | Snake:4  | 35733 ||| INVOKING Heroism.
 35790 | Snake:4  | Found Geimuq's Book Shop.
 35863 | Snake:4  | 35863 ||| INVOKING Heroism.
 36053 | Snake:4  | Found Vopn's Jewellery Emporium.
 36061 | Snake:4  | 36061 ||| BUYING ring of Dissent {Fire Contam rPois Int+3
                  | SInv} (822 gold).
 36061 | Snake:4  | Bought the ring of Dissent {Fire Contam rPois Int+3 SInv}
                  | for 822 gold pieces
 36061 | Snake:4  | 36061 ||| SHOPLISTING ring of resist corrosion (400 gold,
                  | have 360).
 36170 | Snake:4  | 36170 ||| PLANNING DEPTHS
 36170 | Snake:4  | 36170 ||| UPGRADING to +3 hat "Zuosan" {rF+}.
 36180 | Snake:4  | 36180 ||| DROPPING ring of fire.
 36495 | Depths:1 | Entered Level 1 of the Depths
 36513 | Depths:1 | 36513 ||| Stepping ~*~*~tactically~*~*~ (hiding).
 36517 | Depths:1 | 36517 ||| INVOKING Heroism.
 36518 | Depths:1 | 36518 ||| INVOKING Finesse.
 36535 | Depths:1 | 36535 ||| Stepping ~*~*~tactically~*~*~ (stealth).
 36542 | Depths:1 | 36542 ||| Stepping ~*~*~tactically~*~*~ (stealth).
 36578 | Depths:1 | 36578 ||| INVOKING Heroism.
 36584 | Depths:1 | Reached skill level 6 in Dodging
 36726 | Depths:1 | 36726 ||| INVOKING Heroism.
 36828 | Depths:1 | 36828 ||| Stepping ~*~*~tactically~*~*~ (hiding).
 36839 | Depths:1 | 36839 ||| DRINKING 12 potions of curing.
 36839 | Depths:1 | 36839 ||| (to cure confusion)
 36840 | Depths:1 | 36840 ||| INVOKING Heroism.
 36853 | Depths:1 | 36853 ||| READING 11 scrolls of teleportation.
 36854 | Depths:1 | 36854 ||| Stepping ~*~*~tactically~*~*~ (hiding).
 36973 | Depths:1 | Found a one-way gate to the infinite horrors of the Abyss.
 37025 | Depths:1 | Found a gateway to Hell.
 37096 | Depths:1 | 37096 ||| Stepping ~*~*~tactically~*~*~ (stealth).
 37097 | Depths:1 | 37097 ||| Stepping ~*~*~tactically~*~*~ (stealth).
 37139 | Depths:1 | 37139 ||| Stepping ~*~*~tactically~*~*~ (hiding).
 37141 | Depths:1 | 37141 ||| Stepping ~*~*~tactically~*~*~ (stealth).
 37145 | Depths:1 | 37145 ||| INVOKING Heroism.
 37214 | Depths:1 | 37214 ||| INVOKING Heroism.
 37266 | Depths:1 | Found a shimmering blue altar of Sif Muna.
 37306 | Abyss:2  | Cast into level 2 of the Abyss (a wizard)
 37337 | Depths:1 | Escaped the Abyss
 37340 | Depths:1 | Received a gift from Okawaru
 37388 | Depths:1 | 37388 ||| INVOKING Heroism.
 37389 | Depths:1 | 37389 ||| INVOKING Finesse.
 37579 | Depths:1 | 37579 ||| Stepping ~*~*~tactically~*~*~ (hiding).
 37758 | Depths:2 | 37758 ||| INVOKING Heroism.
 37777 | Depths:2 | 37777 ||| Stepping ~*~*~tactically~*~*~ (hiding).
 37778 | Depths:2 | 37778 ||| Stepping ~*~*~tactically~*~*~ (hiding).
 37783 | Depths:2 | Reached XP level 21. HP: 128/139 MP: 28/28
 37810 | Depths:2 | 37810 ||| Stepping ~*~*~tactically~*~*~ (stealth).
 37813 | Depths:2 | 37813 ||| Stepping ~*~*~tactically~*~*~ (hiding).
 37815 | Depths:2 | 37815 ||| INVOKING Heroism.
 37842 | Depths:2 | Found Pugeas's Vocational Training.
 37912 | Depths:2 | 37912 ||| Stepping ~*~*~tactically~*~*~ (hiding).
 37913 | Depths:2 | 37913 ||| Stepping ~*~*~tactically~*~*~ (hiding).
 37915 | Depths:2 | 37915 ||| INVOKING Heroism.
 38039 | Depths:2 | 38039 ||| FLEEEEING.
 38040 | Depths:2 | 38040 ||| FLEEEEING.
 38045 | Depths:2 | 38045 ||| INVOKING Heroism.
 38077 | Depths:2 | Reached skill level 20 in Armour
 38097 | Depths:2 | Found a one-way gate leading to the halls of Pandemonium.
 38106 | Depths:2 | 38106 ||| INVOKING Heroism.
 38184 | Depths:2 | 38184 ||| Stepping ~*~*~tactically~*~*~ (hiding).
 38203 | Depths:2 | 38203 ||| Stepping ~*~*~tactically~*~*~ (hiding).
 38229 | Depths:2 | 38229 ||| INVOKING Heroism.
 38245 | Depths:2 | 38245 ||| INVOKING Heroism.
 38286 | Depths:2 | Noticed a caustic shrike
 38292 | Depths:2 | Killed a caustic shrike
 38294 | Depths:2 | 38294 ||| INVOKING Heroism.
 38420 | Depths:2 | 38420 ||| Stepping ~*~*~tactically~*~*~ (hiding).
 38426 | Depths:2 | Received a gift from Okawaru
 38468 | Depths:2 | 38468 ||| INVOKING Heroism.
 38505 | Depths:2 | 38505 ||| INVOKING Finesse.
 38520 | Depths:2 | 38520 ||| Stepping ~*~*~tactically~*~*~ (hiding).
 38543 | Depths:2 | 38543 ||| FLEEEEING.
 38544 | Depths:2 | 38544 ||| INVOKING Heroism.
 38567 | Depths:2 | Noticed a caustic shrike
 38568 | Depths:2 | 38568 ||| INVOKING Finesse.
 38575 | Depths:2 | 38575 ||| INVOKING Heroism.
 38578 | Depths:2 | Killed a caustic shrike
 38583 | Depths:2 | 38583 ||| Stepping ~*~*~tactically~*~*~ (stealth).
 38604 | Depths:2 | Reached skill level 18 in Fighting
 38635 | Depths:2 | 38635 ||| INVOKING Heroism.
 38661 | Depths:2 | 38661 ||| INVOKING Finesse.
 38666 | Depths:2 | 38666 ||| INVOKING Heroism.
 38667 | Depths:2 | Noticed a golden dragon
 38675 | Depths:2 | 38675 ||| Stepping ~*~*~tactically~*~*~ (hiding).
 38683 | Depths:2 | Killed a golden dragon
 38683 | Depths:2 | Received a gift from Okawaru
 38952 | Depths:2 | 38952 ||| DROPPING +1 hat.
 39011 | Depths:3 | Noticed a golden dragon
 39012 | Depths:3 | 39012 ||| Stepping ~*~*~tactically~*~*~ (hiding).
 39017 | Depths:3 | 39017 ||| INVOKING Heroism.
 39018 | Depths:3 | 39018 ||| INVOKING Finesse.
 39028 | Depths:3 | Killed a golden dragon
 39040 | Depths:3 | 39040 ||| READING 13 scrolls of teleportation.
 39057 | Depths:3 | Noticed a juggernaut
 39073 | Depths:3 | Killed a juggernaut
 39074 | Depths:3 | 39074 ||| Stepping ~*~*~tactically~*~*~ (hiding).
 39079 | Depths:3 | Received a gift from Okawaru
 39090 | Depths:3 | Noticed an ancient lich
 39091 | Depths:3 | 39091 ||| Stepping ~*~*~tactically~*~*~ (stealth).
 39096 | Depths:3 | 39096 ||| Stepping ~*~*~tactically~*~*~ (stealth).
 39097 | Depths:3 | 39097 ||| INVOKING Heroism.
 39099 | Depths:3 | 39099 ||| INVOKING Finesse.
 39105 | Depths:3 | Killed an ancient lich
 39175 | Depths:3 | 39175 ||| READING 12 scrolls of teleportation.
 39179 | Depths:3 | 39179 ||| INVOKING Heroism.
 39189 | Depths:3 | 39189 ||| INVOKING Finesse.
 39209 | Depths:3 | Identified the +1 helmet of Toreviy {Fly rN+ Int-5}
 39212 | Depths:3 | 39212 ||| DROPPING +1 helmet of Toreviy {Fly rN+ Int-5}.
 39213 | Depths:3 | 39213 ||| READING 11 scrolls of teleportation.
 39229 | Depths:3 | 39229 ||| READING 10 scrolls of teleportation.
 39230 | Depths:3 | 39230 ||| Stepping ~*~*~tactically~*~*~ (hiding).
 39378 | Depths:3 | 39378 ||| Stepping ~*~*~tactically~*~*~ (stealth).
 39416 | Depths:3 | 39416 ||| READING 9 scrolls of teleportation.
 39490 | Depths:3 | 39490 ||| Stepping ~*~*~tactically~*~*~ (stealth).
 39541 | Depths:3 | Reached XP level 22. HP: 147/147 MP: 29/29
 39588 | Depths:3 | 39588 ||| READING 8 scrolls of teleportation.
 39589 | Depths:3 | 39589 ||| Waiting to end mesmerise (stuck).
 39615 | Depths:3 | 39615 ||| READING 7 scrolls of teleportation.
 39926 | Depths:3 | 39926 ||| INVOKING Heroism.
 39927 | Depths:3 | 39927 ||| INVOKING Finesse.
 39928 | Depths:3 | 39928 ||| Stepping ~*~*~tactically~*~*~ (hiding).
 39956 | Depths:3 | Received a gift from Okawaru
 39982 | Depths:3 | 39982 ||| DRINKING 14 potions of curing.
 39982 | Depths:3 | 39982 ||| (to cure confusion)
 39983 | Depths:3 | 39983 ||| INVOKING Finesse.
 40056 | Depths:4 | Entered Level 4 of the Depths
 40057 | Depths:4 | Noticed Louise
 40058 | Depths:4 | 40058 ||| Stepping ~*~*~tactically~*~*~ (hiding).
 40065 | Depths:4 | 40065 ||| INVOKING Heroism.
 40072 | Depths:4 | Killed Louise
 40073 | Depths:4 | 40073 ||| Stepping ~*~*~tactically~*~*~ (stealth).
 40073 | Depths:4 | Noticed a juggernaut
 40074 | Depths:4 | 40074 ||| INVOKING Finesse.
 40089 | Depths:4 | Killed a juggernaut
 40090 | Depths:4 | Reached skill level 21 in Armour
 40091 | Depths:4 | HP: 7/147 [living spell/iceblast[a walking frostbound tome]
                  | (50)]
 40092 | Depths:4 | 40092 ||| READING 6 scrolls of teleportation.
 40092 | Depths:4 | Killed from afar by a living spell

Levels and vault maps discovered:
D:1:      minmay_arrival_shattered_statue, layout_basic,
          shapermc_ecumenical_altar_totnotflames, patterned_corridor
D:2:      kennysheep_six_static_rooms, layout_rooms, kennysheep_generic_room_8,
          uniq_sigmund
D:3:      layout_loops_ring, skrybe_limestone_x, minmay_goblin_kobold_house
D:4:      layout_loops_ring, kennysheep_mini, mainiacjoe_overflow_two_lobes,
          serial_undead, serial_undead_f, serial_undead_b, serial_undead_a,
          serial_undead_e
D:5:      layout_loops_ring, nicolae_overflow_crystal_walls,
          minmay_temple_entry_ruins
D:6:      minmay_evil_eye, layout_basic, nicolae_ashenzari_panopticon,
          elyvilon_altar_1, zin_statuary, serial_park_tiny_pond
D:7:      layout_rooms, kb_xom_exploding_sheep
D:8:      kennysheep_blocky_hall, layout_loops_ring, due_unseen_surprise
D:9:      layout_big_octagon, kennysheep_little_box, david_lair_generic
D:10:     layout_roguey, kennysheep_mini_moat, david_orc_5, uniq_fannar
D:11:     layout_roguey, corexii_leaking_fountain,
          chequers_serial_rivers_small_a, uniq_maurice
D:12:     layout_roguey [special_room_orc], fountainhead
D:13:     layout_rooms, grunt_vaults_entry_tiered, serial_shops,
          nicolae_lakefront_shop, fungi_pond_lemuel,
          einodemon_armed_red_devil_minivault
D:14:     layout_loops_ring, serial_park_avenue1, kennysheep_crisscross,
          beargit_elvish_explorers
D:15:     hangedman_depths_entry_civil_slaughter, layout_irregular_city
Temple:   nicolae_temple_godzebo
Lair:1:   layout_cave_pods, eino_small_chamber_without_monster,
          infiniplex_staircase_pool_2, lemuel_fruit_tree, grunt_megastairs_1,
          uniq_sonja
Lair:2:   layout_concentric_octagons, dummy_snake_entry,
          ebering_ghost_funeral_grove, infiniplex_staircase_pool,
          serial_bayou_shore_a
Lair:3:   layout_regular_city, palyth_hydra_swamp_entry, uniq_prince_ribbit2
Lair:4:   layout_layer_cave, grunt_megastairs_3
Lair:5:   due_jungle_book, layout_regular_city, slime_entry_1,
          portal_ice_cave_rime
Swamp:1:  layout_basic_swamp, hangedman_swamp_ruin_wall
Swamp:2:  layout_basic_swamp, serial_swamp_ruin, evilmike_swamp_ruin_house_1,
          evilmike_swamp_ruin_rubble_1, uniq_aizul
Swamp:3:  nzn_winding_woodlands_three_and_one
          [nzn_winding_woodlands_5x15_lazy_stream,
          nzn_winding_woodlands_5x15_river_crossing,
          nzn_winding_woodlands_5x15_sidewinder,
          nzn_winding_woodlands_center_lodge], layout_basic_swamp,
          nicolae_swamp_bean_lake, uniq_bai_suzhen
Swamp:4:  swamp_basic_johnstein, layout_basic_swamp
Snake:1:  layout_misc_corridors, minmay_shop_grid_forest,
          nicolae_snake_slithery_hallway, hangedman_venom_bottle, uniq_donald,
          uniq_frances
Snake:2:  layout_honeycomb
Snake:3:  layout_cave_pods, basic_altar, serial_bayou_shore_b, uniq_roxanne
Snake:4:  minmay_snake_end_coiled, layout_grid_maze, gammafunk_ghost_grave,
          serial_shops, shop, nicolae_shop_hallway_plus, nicolae_shop_trees,
          basic_altar
Orc:1:    layout_caves, ebering_ghost_disaster_area, uniq_snorg
Orc:2:    grunt_orc_tribal_feast, layout_caves, enter_volcano_2, serial_shops,
          shop_fountains
Vaults:1: vaults_standard_mumra_lines, hangedman_vaults_maws, v_alt_pattern_5,
          v_misc_8, v_misc_1, vaults_mumra_minichess, hangedman_vaults_trim,
          vaults_room_ringed_pool, layout_vaults_quadrants, uniq_nikola
Vaults:2: vaults_room_fours, nicolae_vaults_hallways_thing, vaults_room_hallway,
          nicolae_vaults_network_periphery, v_misc_14, v_misc_30,
          ontoclasm_vaults_gateway, nicolae_vaults_yaktaur_gun_rack,
          nicolae_vaults_ring_of_whatevers, layout_vaults_omnicross,
          nicolae_trove_entry_path_of_doom
Vaults:3: vaults_room_glass_cross, dpeg_vaults_monster_box,
          minmay_crypt_entry_vampire_xt, v_misc_14, ontoclasm_vaults_fault,
          nicolae_vaults_little_squares_6, hangedman_vaults_stretched_pinwheel,
          nicolae_vaults_little_squares_1, vaults_mumra_lcd,
          hangedman_vaults_slice, vaults_dpeg_spiral, v_misc_27,
          vaults_mumra_hex, ontoclasm_vaults_twist, layout_vaults_omnibox
Vaults:4: v_misc_3, v_misc_4, ontoclasm_vaults_bender,
          nicolae_vaults_angled_halls, vaults_dpeg_hooks,
          nicolae_vaults_little_squares_1, nicolae_vaults_asterisk, v_misc_14,
          hangedman_vaults_stagger, ontoclasm_vaults_hangar,
          nicolae_vaults_network_quinsquares
          [nicolae_vaults_network_quincunx_subvault,
          nicolae_vaults_network_quincunx_subvault,
          nicolae_vaults_network_quincunx_subvault,
          nicolae_vaults_network_quincunx_subvault], st_lines,
          layout_vaults_maze_snakey
Depths:1: layout_gridlike, nicolae_eternal_life, abyss_entry, pf_coc_iceberg,
          nicolae_sif_muna_little_library, grunt_megastairs_2
Depths:2: minmay_the_grid_3x3 [minmay_the_grid_pillar_ring,
          minmay_the_grid_stretched_grid, minmay_the_grid_plusring,
          minmay_the_grid_small_cups, minmay_the_grid_doors,
          minmay_the_grid_large_cup, minmay_the_grid_slots,
          minmay_the_grid_aliased_spiral, minmay_the_grid_prize_inner_circle],
          layout_cave_pools, eino_curves_02, pan_entry, hell_entry,
          nicolae_shop_vocational, serial_bayou_shore_b
Depths:3: minmay_strange_plus, layout_gridlike, grunt_mini_vestibule,
          abyss_entry, dreamdust_wishing_well, minmay_stone_trees_small,
          horrible_house_mu
Depths:4: evilmike_zot_entry_hall, layout_basic, enter_ziggurat_a,
          serial_curves, eino_curves_02, eino_curves_01, hangedman_geh_valley,
          nicolae_abyss_entry_one_way_or_another

Skill      XL: |  1  2  3  4  5  6  7  8  9 10 11 12 13 14 15 16 17 18 19 20 21 22 |
---------------+-------------------------------------------------------------------+-----
Axes           | 2 5 7 8 9 11 12 14 16 17 18 | 18.0
Fighting       | 4 6 7 8 9 10 11 12 13 15 17 18 | 18.0
Dodging        | 1 2 3 4 5 6 7 |  7.0
Throwing       | 1 2 3 4 6 7 8 9 10 | 10.0
Invocations    | 4 8 10 | 10.0
Shields        | 4 5 6 10 12 16 17 18 19 20 | 20.0
Armour         | 6 7 8 11 12 13 14 15 17 18 19 20 21 | 21.0

Action                   |  1- 3 |  4- 6 |  7- 9 | 10-12 | 13-15 | 16-18 | 19-21 | 22-24 || total
-------------------------+-------+-------+-------+-------+-------+-------+-------+-------++-------
Melee: War axe           |    61 |    65 |   309 |   415 |   195 |       |       |       ||  1045
       Flail             |       |       |       |    34 |     9 |       |       |       ||    43
       Broad axe         |       |       |       |       |   797 |   933 |  1270 |    71 ||  3071
Throw: Javelin           |       |       |    32 |    37 |    23 |    68 |    76 |     8 ||   244
       Boomerang         |       |       |       |       |    64 |    49 |    15 |     2 ||   130
Invok: Heroism           |       |       |     6 |    30 |    53 |    44 |    49 |     2 ||   184
       Finesse           |       |       |       |     3 |     8 |    12 |    15 |     3 ||    41
  Use: Scroll            |     3 |     9 |    11 |     8 |     7 |     2 |     6 |     3 ||    49
       Potion            |       |     1 |     5 |       |       |       |     4 |     1 ||    11
 Stab: Paralysed         |       |       |     1 |     3 |     4 |       |       |       ||     8
       Confused          |       |       |       |     1 |     1 |     1 |       |       ||     3
       Petrifying        |       |       |       |       |     1 |       |       |       ||     1
       Distracted        |       |       |       |       |       |       |     1 |       ||     1
Armor: Scale mail        |    29 |    25 |    87 |       |       |       |       |       ||   141
       Plate armour      |       |       |    49 |   136 |       |       |       |       ||   185
       Chain mail        |       |       |     4 |       |       |       |       |       ||     4
       Crystal plate arm |       |       |       |   130 |   388 |   537 |   378 |    18 ||  1451
Dodge: Dodged            |    37 |    44 |   209 |   212 |   210 |   269 |   257 |    15 ||  1253
Block: Buckler           |     7 |     9 |    69 |   104 |       |       |       |       ||   189
       Kite shield       |       |       |       |     4 |   330 |       |       |       ||   334
       Tower shield      |       |       |       |       |   194 |   810 |   910 |    38 ||  1952

Table legend:
 A = Non-vault XP
 B = Vault XP
 C = Vault XP percentage of total XP
 D = Non-vault monster count
 E = Vault monster count
 F = Vault count percentage of total count
                 A         B        C        D         E       F
            +---------+---------+-------+---------+---------+-------
      Total |  345860 |  263586 |  43.3 |     829 |     455 |  35.4
            +---------+---------+-------+---------+---------+-------
        D:1 |      21 |       0 |   0.0 |      13 |       0 |   0.0
        D:2 |      22 |     254 |  92.0 |      13 |       7 |  35.0
        D:3 |      13 |     113 |  89.7 |       7 |       6 |  46.2
        D:4 |     234 |     368 |  61.1 |      16 |       9 |  36.0
        D:5 |     858 |       0 |   0.0 |      24 |       0 |   0.0
        D:6 |     985 |     129 |  11.6 |      25 |       2 |   7.4
        D:7 |    1048 |       0 |   0.0 |      25 |       0 |   0.0
        D:8 |     966 |     542 |  35.9 |       6 |       4 |  40.0
        D:9 |    4053 |     795 |  16.4 |      27 |       4 |  12.9
       D:10 |    2610 |    1688 |  39.3 |      15 |      22 |  59.5
       D:11 |    3431 |     520 |  13.2 |      12 |       1 |   7.7
       D:12 |    3259 |    1897 |  36.8 |      11 |      26 |  70.3
       D:13 |    2402 |    8356 |  77.7 |       6 |      29 |  82.9
       D:14 |   15019 |       0 |   0.0 |      29 |       0 |   0.0
       D:15 |    8424 |    4162 |  33.1 |      20 |       6 |  23.1
     Lair:1 |    2253 |    1017 |  31.1 |      11 |       3 |  21.4
     Lair:2 |    3719 |       0 |   0.0 |      13 |       0 |   0.0
     Lair:3 |    9670 |    3428 |  26.2 |      32 |       8 |  20.0
     Lair:4 |    8498 |     845 |   9.0 |      26 |       1 |   3.7
     Lair:5 |    9441 |   13293 |  58.5 |      30 |      29 |  49.2
    Swamp:1 |   12206 |       0 |   0.0 |      28 |       0 |   0.0
    Swamp:2 |   11192 |    1183 |   9.6 |      16 |       1 |   5.9
    Swamp:3 |   11377 |   14350 |  55.8 |      30 |      15 |  33.3
    Swamp:4 |   10212 |   19776 |  65.9 |      19 |      27 |  58.7
    Snake:1 |   10552 |   10055 |  48.8 |      19 |      18 |  48.6
    Snake:2 |    9342 |       0 |   0.0 |      16 |       0 |   0.0
    Snake:3 |   17881 |    1330 |   6.9 |      38 |       1 |   2.6
    Snake:4 |   28750 |   17381 |  37.7 |      60 |      34 |  36.2
      Orc:1 |    2986 |     979 |  24.7 |      25 |       1 |   3.8
      Orc:2 |     502 |    7549 |  93.8 |      11 |      30 |  73.2
   Vaults:1 |   15174 |   20486 |  57.4 |      22 |      30 |  57.7
   Vaults:2 |   24889 |    7390 |  22.9 |      39 |      13 |  25.0
   Vaults:3 |   14986 |   24360 |  61.9 |      23 |      34 |  59.6
   Vaults:4 |   27169 |   17675 |  39.4 |      43 |      23 |  34.8
   Depths:1 |   28397 |    5929 |  17.3 |      33 |       8 |  19.5
   Depths:2 |   25486 |   46949 |  64.8 |      30 |      41 |  57.7
   Depths:3 |   12085 |   29598 |  71.0 |      14 |      21 |  60.0
   Depths:4 |    5748 |    1189 |  17.1 |       2 |       1 |  33.3
            +---------+---------+-------+---------+---------+-------
